 Dungeon Crawl Stone Soup version 0.30.0-20-g3615ddf2f0 (webtiles) character file.

Game seed: 9093393041877194334

526671 qw the Slayer (level 25, -1/183 HPs)
             Began as a Gargoyle Fighter on June 1, 2023.
             Was a High Priest of Okawaru.
             Slain by a rockslime (21 damage)
             ... on level 2 of the Pits of Slime.
             The game lasted 00:39:41 (52318 turns).

qw the Slayer (Gargoyle Fighter)                   Turns: 52318, Time: 00:39:41

Health: -1/183     AC: 61    Str: 36    XL:     25   Next: 48%
Magic:  27/27      EV: 20    Int:  8    God:    Okawaru [*****.]
Gold:   655        SH:  0    Dex: 10    Spells: 24/24 levels left

rFire   + + .        a - +9 war axe (vamp)
rCold   + + +        M - +1 tower shield {AC+3}
rNeg    + . .        e - +6 gold dragon scales
rPois   inf          L - +5 helmet "Unwioj" {Stlth+}
rElec   +            B - +2 cloak of the Monk {rElec rC++}
rCorr   +            Q - +0 pair of gloves of Koop {rF+ rCorr}
SInv    .            F - +2 pair of boots
Will    +....        I - amulet of faith Stlth
                     t - +5 ring of evasion
HPRegen 0.50/turn    x - +5 ring of evasion
MPRegen 0.20/turn

%: faith
@: confused, corroded, flying
A: sickness immunity, AC +19, big wings, negative energy resistance 1,
electricity resistance, torment resistance 1, petrification resistance, thin
skeletal structure 1, low MP 1, mutation resistance 1, strong 1, MP-powered
wands
}: 3/15 runes: decaying, serpentine, silver
a: Renounce Religion, Heroism, Finesse, Duel


You were on level 2 of the Pits of Slime.
You worshipped Okawaru.
Okawaru was extremely pleased with you.
You visited 10 branches of the dungeon, and saw 46 of its levels.
You visited the Abyss 1 time.

You collected 5344 gold pieces.
You spent 4689 gold pieces at shops.


Innate Abilities, Weirdness & Mutations

You are immune to sickness and miasma.
Your stone body is resilient. (AC +19)
You are immune to poison.
Your large and strong wings let you fly.
You resist negative energy. (rN+)
You are resistant to electric shocks. (rElec)
You are resistant to unholy torment.
You are immune to petrification.
You have a somewhat thin skeletal structure. (Dex +2, Stealth+)
Your magical capacity is low. (-10% MP)
You are somewhat resistant to further mutation.
Your muscles are strong. (Str +4, Int/Dex -1)
You expend magic power (3 MP) to strengthen your wands.


   Skills:
 + Level 25.7 Fighting
 - Level 16.0 Axes
 - Level 15.0 Throwing
 - Level 22.0 Armour
 - Level 8.0 Dodging
 - Level 22.0 Shields
 - Level 10.0 Invocations


You had 24 spell levels left.
You didn't know any spells.
Your spell library was empty.

Inventory:

Hand Weapons
 a - a +9 vampiric war axe (weapon)
 k - a +2 broad axe of holy wrath
 G - the +3 broad axe of Saumic {heavy, rC+ rN+ rCorr}
   (Okawaru gifted it to you on level 4 of the Vaults)

   rC:        It protects you from cold.
   rN:        It protects you from negative energy.
   rCorr:     It protects you from acid and corrosion.
Missiles
 c - 33 boomerangs (quivered)
Armour
 e - +6 gold dragon scales (worn)
 y - a +2 pair of gloves
 z - the +3 scale mail of Past Mistakes {Contam Fly rC+ rCorr}
   (Okawaru gifted it to you on level 2 of the Snake Pit)

   rC:        It protects you from cold.
   Fly:       It grants you flight.
   Contam:    It causes magical contamination when unequipped.
   rCorr:     It protects you from acid and corrosion.
 A - the +4 chain mail of the Snail {*Slow rPois rF+ rCorr}
   (Okawaru gifted it to you on level 11 of the Dungeon)

   rF:        It protects you from fire.
   rPois:     It protects you from poison.
   rCorr:     It protects you from acid and corrosion.
   *Slow:     It may slow you when you take damage.
 B - the +2 cloak of the Monk (worn) {rElec rC++}
   (Okawaru gifted it to you on level 2 of the Swamp)

   rC:        It greatly protects you from cold.
   rElec:     It insulates you from electricity.
 D - the +0 pair of gloves of Neuneo {-Tele MP+9 Str+8}
   (You acquired it on level 13 of the Dungeon)

   Str:       It affects your strength (+8).
   MP:        It affects your magic capacity (+9).
   -Tele:     It prevents most forms of teleportation.
 F - a +2 pair of boots (worn)
 L - the +5 helmet "Unwioj" (worn) {Stlth+}
   (Okawaru gifted it to you on level 5 of the Vaults)

   Stlth:     It makes you more stealthy.
 M - a +1 tower shield of protection (worn)
 P - a scarf of resistance
 Q - the +0 pair of gloves of Koop (worn) {rF+ rCorr}
   (You found it on level 2 of the Depths)

   rF:        It protects you from fire.
   rCorr:     It protects you from acid and corrosion.
Jewellery
 q - a ring of fire
 t - a +5 ring of evasion (left hand)
 w - a ring of resist corrosion
 x - a +5 ring of evasion (right hand)
 E - a ring of protection from cold
 H - a ring of protection from cold
 I - an amulet of faith (around neck)
 O - the amulet "Widdec" {+Blink rF+ Regen+ Str-2 Slay+2}
   (You found it on level 5 of the Vaults)

   [amulet of regeneration]

   Str:       It affects your strength (-2).
   Slay:      It affects your accuracy & damage with ranged weapons and melee
   (+2).
   rF:        It protects you from fire.
   +Blink:    It lets you blink.
   Regen:     It increases your rate of health regeneration.
 S - the ring of Qazlal's Approval {rF+ rCorr Int+3 SInv}
   (You took it off an ironbound preserver on level 5 of the Vaults)

   [ring of see invisible]

   Int:       It affects your intelligence (+3).
   rF:        It protects you from fire.
   SInv:      It lets you see invisible.
   rCorr:     It protects you from acid and corrosion.
 Y - the ring of the Endless Expanse {Ice Dex+4 Slay+3 Stlth+}
   (You took it off Josephina on level 3 of the Realm of Zot)

   [ring of ice]

   It enhances your ice magic.
   Dex:       It affects your dexterity (+4).
   Slay:      It affects your accuracy & damage with ranged weapons and melee
   (+3).
   rF:        It makes you vulnerable to fire.
   rC:        It protects you from cold.
   Stlth:     It makes you more stealthy.
Wands
 n - a wand of digging (39)
Scrolls
 l - 11 scrolls of identify
 o - 20 scrolls of teleportation
 s - 3 scrolls of brand weapon
 R - 3 scrolls of enchant weapon
Potions
 d - 11 potions of might
 f - 7 potions of resistance
 g - 11 potions of lignification
 i - 2 potions of haste
 j - 3 potions of mutation
 p - 4 potions of magic
 r - 9 potions of attraction

Dungeon Overview and Level Annotations

Branches:
Dungeon (15/15)            Temple (1/1) D:4            Lair (5/5) D:9
  Swamp (4/4) Lair:3        Snake (4/4) Lair:2        Slime (2/5) Lair:4
    Orc (2/2) D:9             Elf (0/3) Orc:2        Vaults (5/5) D:13
  Crypt (0/3) Vaults:2     Depths (4/4) D:15            Zot (4/5) Depths:4

Altars:
Ashenzari
Cheibriados
Dithmenos
Fedhas
Gozag
Hepliaklqana
Kikubaaqudgha
Makhleb
Nemelex Xobeh
Okawaru
Qazlal
Ru
Sif Muna
Uskayaw
Vehumet
Wu Jian
Xom
Yredelemnul
Zin
The Shining One
Jiyva
Lugonu

Shops:
D:2 (   D:7 =(=*   D:9 [   D:11 (   D:15 ?   Orc:2 *[(*   Snake:1 (((!
Snake:4 :   Vaults:3 [   Vaults:4 (

Portals:
Hell: Depths:1 Depths:2 Depths:3 Depths:4
Abyss: Depths:1 Depths:2 Depths:3 Depths:4
Pandemonium: Depths:1 Depths:2
Ziggurat: Depths:1
Trove: Vaults:2 (give +3 storm dragon scales)

Annotations:
D:6 5 runed translucent doors, qw's ghost, amateur GrFi
D:11 2 transporters, Onakli's ghost, journeyman DsFi
D:12 6 runed translucent doors
D:15 1 runed translucent door
Snake:2 3 runed translucent doors, littlecub's ghost, journeyman DsGl
Vaults:2 1 transporter
Depths:1 1 runed translucent door


Message History

The acid blob spits acid at you. The splash of acid misses you.
The splash of acid hits the golden eye!
The golden eye dies!
The golden eye blinks at you.
You are more confused.
The golden eye blinks at you. You resist with some effort.
The slime creature completely misses you.
The rockslime hits you but does no damage.
The golden eye blinks at you. You resist with almost no effort.
The acid blob hits you but does no damage.
The golden eye blinks at you.
You easily resist.
The golden eye blinks at you. You resist with almost no effort.
The rockslime misses you. The slime creature misses you.
The golden eye blinks at you. You resist with almost no effort.
The golden eye blinks at you. You resist with almost no effort.
The acid blob spits acid at you.
The splash of acid hits you but does no damage.
The rockslime hits you but does no damage.
The acid blob spits acid at you. The splash of acid hits you! You resist.
The slime creature completely misses you.
The golden eye blinks at you. You resist with some effort.
The rockslime barely misses you. The golden eye blinks at you.
You are more confused.
The golden eye blinks!
The golden eye blinks at you. You resist with almost no effort.
The golden eye blinks at you. You resist with almost no effort.
The acid blob misses you. The slime creature misses you.
The golden eye blinks!
The rockslime hits you!!
You die...

.......##..#.#
.¤.......#.....
............^.
..>..#.#....#
....#....G..#
........G..##
..G....JJ¤..#
......GJ@#.#
.....#.G..#
.........##
##...#.###
######


You could see an acid blob, a slime creature, a rockslime and 5 golden eyes.

Vanquished Creatures
  2 dread liches (Vaults:5)
  An orb of fire (Zot:2)
  Sojobo (Depths:2)
  Josephina (Zot:3)
  Boris (twice) (Vaults:4 Depths:2)
  Parghit (Zot:1)
  Bai Suzhen (Depths:2)
  A Killer Klown (Zot:4)
  Saint Roka (Snake:2)
  6 curse toes
  15 golden dragons
  the Enchantress (Depths:1)
  3 electric golems
  Jorgrun (Swamp:1)
  5 liches
  20 tentacled monstrosities
  7 quicksilver dragons
  2 titans (Vaults:5)
  A quicksilver dragon (shapeshifter) (Vaults:5)
  2 walking divine tomes
  2 Executioners (Abyss:4)
  Frances (Snake:2)
  9 sphinxes
  4 thorn hunters (Swamp:4)
  9 tengu reavers
  3 tentacled starspawn (Abyss:4)
  17 shadow dragons
  19 storm dragons
  8 death cobs
  8 fire giants
  6 nagarajas
  A fenstrider witch (Swamp:4)
  A rockslime (Slime:1)
  3 draconian knights
  A draconian scorcher (Zot:2)
  4 iron dragons
  7 draconian monks
  A balrug (Depths:3)
  8 frost giants
  Aizul (Snake:1)
  A draconian shifter (Zot:3)
  6 draconian stormcallers
  2 orc warlords
  2 ghost moths
  3 spriggan defenders (Depths:1)
  7 vault wardens
  An angel (Abyss:4)
  9 stone giants
  6 draconian annihilators
  15 ironbound preservers
  A war gargoyle (Vaults:3)
  24 very ugly things
  6 ironbound thunderhulks
  A deep elf demonologist (Vaults:5)
  7 vampire knights
  14 black draconians
  A lorocyproca (Abyss:4)
  12 green draconians
  8 yellow draconians
  An eleionoma (Swamp:1)
  2 deep elf annihilators
  5 red draconians
  3 dire elephants
  8 purple draconians
  2 spark wasps (Depths:2)
  11 white draconians
  A blizzard demon (Abyss:4)
  4 crystal guardians
  6 fire dragons
  A shambling mangrove (Swamp:4)
  16 ettins
  10 yaktaur captains
  16 great orbs of eyes
  A fire dragon (shapeshifter) (Vaults:5)
  3 peacekeepers
  A deep elf high priest (Vaults:5)
  2 ghost crabs
  13 hydras
  4 salamander tyrants (Snake:4)
  Harold (D:11)
  3 rakshasas
  24 vault guards (Vaults:5)
  2 ice dragons
  Erolcha (D:10)
  3 spriggan air magi
  13 centaur warriors
  An ogre mage (D:15)
  5 boulder beetles
  A catoblepas (D:15)
  A hell beast (Depths:2)
  9 alligators
  2 anacondas (shapeshifter) (Vaults:5)
  13 anacondas
  2 dancing weapons (Abyss:4)
  13 ironbound frosthearts
  9 two-headed ogres
  An alligator (shapeshifter) (Depths:4)
  5 deep troll shamans (Depths:1)
  Erica (D:11)
  A deep troll earth mage (Depths:1)
  5 tengu warriors
  10 naga sharpshooters
  21 naga warriors
  2 orc high priests (Orc:2)
  A vampire mage (Depths:1)
  10 shock serpents
  3 sun demons
  A wretched star (Abyss:4)
  20 spriggans
  3 salamander mystics
  A skyshark (shapeshifter) (Vaults:5)
  6 hell knights
  2 skysharks
  3 iron trolls (Depths:1)
  5 skeletal warriors (D:13)
  4 goliath frogs
  37 deep trolls
  A quicksilver dragon simulacrum (Zot:3)
  11 spriggan druids
  2 sea snakes (Snake:3)
  A shadow demon (Depths:1)
  A glowing orange brain (Depths:1)
  A sixfirhy (Depths:1)
  5 wizards
  4 spectral hydras (Swamp:4)
  9 naga ritualists
  7 swamp dragons
  7 phantasmal warriors
  17 ironbound convokers
  6 lindwurms
  3 deep elf pyromancers
  A steelbarb worm (shapeshifter) (Vaults:5)
  4 flayed ghosts
  7 bog bodies
  5 harpies (Vaults:1)
  A spectral spriggan (Swamp:3)
  3 necromancers
  6 orc knights
  20 mana vipers
  A tengu skeleton (Vaults:2)
  A mana viper (shapeshifter) (D:14)
  3 oklob plants (Swamp:4)
  5 orc sorcerers
  A shining eye (Slime:1)
  34 ugly things
  2 will-o-the-wisps
  22 moths of wrath
  8 manticores
  27 salamanders
  3 smoke demons
  A rust devil (Depths:1)
  3 cyclopes
  40 black mambas
  11 guardian serpents
  6 elephants (Lair:4)
  9 naga magi
  17 vault sentinels
  Maggie (D:6)
  An apocalypse crab (Abyss:4)
  A storm dragon simulacrum (Zot:3)
  20 cane toads
  3 torpor snails
  2 gargoyles
  A demonic crawler (Abyss:4)
  4 efreet
  2 unseen horrors
  A water nymph (shapeshifter) (Vaults:5)
  Psyche (D:11)
  5 kobold demonologists
  6 orange demons
  16 yaktaurs
  3 freezing wraiths
  11 komodo dragons
  7 tengu conjurers
  A komodo dragon (shapeshifter) (Depths:2)
  2 hellwings (Depths:2)
  4 rime drakes
  2 bloated husks
  7 hydra zombies
  A death drake zombie (Swamp:4)
  4 polar bears
  A tarantella (shapeshifter) (D:14)
  15 hornets
  10 trolls
  A tengu simulacrum (Vaults:2)
  2 hydra skeletons (Swamp:4)
  12 tyrant leeches
  22 blink frogs
  14 raiju (Abyss:4)
  A deep troll zombie (Vaults:2)
  42 slime creatures
  3 shadows
  A deep troll skeleton (Vaults:2)
  A large abomination (Abyss:4)
  3 wyverns
  An ettin skeleton (Vaults:2)
  A vampire (D:14)
  A culicivora (shapeshifter) (Vaults:5)
  A spriggan (shapeshifter) (D:14)
  42 yaks
  A wraith (D:10)
  A golden eye (shapeshifter) (D:13)
  7 golden eyes
  A yak (shapeshifter) (D:13)
  7 basilisks
  A redback (shapeshifter) (Depths:2)
  15 vampire mosquitoes
  7 starcursed masses
  3 neqoxecs
  A purple draconian simulacrum (Zot:3)
  15 swamp worms
  A yellow draconian simulacrum (Zot:3)
  2 two-headed ogre zombies (D:9)
  A swamp worm (shapeshifter) (D:13)
  49 nagas
  9 wargs
  2 hydra simulacra (Swamp:4)
  An acid dragon (D:12)
  11 water moccasins
  3 sky beasts
  52 orc warriors
  A swamp dragon zombie (Swamp:4)
  7 swamp drakes
  6 ice beasts
  2 black bears
  13 ogres
  2 wolves (D:8)
  6 centaurs
  A swamp dragon skeleton (Swamp:4)
  3 phantoms
  5 kobold brigands
  A gnoll sergeant (D:9)
  9 scorpions
  14 bullfrogs
  5 wights (D:7)
  14 jellies
  17 killer bees
  A howler monkey (D:7)
  2 troll zombies (D:9)
  An electric eel (Lair:5)
  2 lava snakes (D:12)
  2 sleepcaps
  4 hounds
  22 orc priests
  4 gnoll boudas
  7 iguanas
  2 iron imps (Abyss:4)
  32 orc wizards
  13 hell rats (Lair:5)
  4 ogre zombies (D:9)
  25 gnolls
  8 adders
  A shadow imp (D:5)
  A white imp (D:6)
  4 ufetubi
  3 worms
  7 dart slugs
  107 orcs
  6 ball pythons
  14 endoplasms
  6 giant cockroaches
  11 goblins
  6 hobgoblins
  19 kobolds
  2 quokkas
  3 bats
  3 frilled lizards
  A goblin skeleton (D:9)
  4 goblin zombies (D:9)
  4 hobgoblin skeletons (D:9)
  A hobgoblin zombie (D:9)
  2 orc skeletons (D:9)
  13 orc zombies (D:9)
  6 rats
  A fire vortex (D:12)
  A starspawn tentacle (Abyss:4)
1915 creatures vanquished.

Vanquished Creatures (others)
  A vault warden (Vaults:5)
  A draconian knight (Zot:1)
  A spriggan (Swamp:2)
  A moth of wrath (Zot:2)
  2 bloated husks
  3 hornets (Swamp:2)
  3 golden eyes (Slime:2)
  An orc warrior (Orc:2)
  2 orcs (Orc:1)
  4 foxfires (Swamp:4)
  3 starspawn tentacles (Abyss:4)
22 creatures vanquished.

Grand Total: 1937 creatures vanquished

Notes
Turn   | Place    | Note
-------+----------+-------------------------------------------
     0 | D:1      | qw the Gargoyle Fighter began the quest for the Orb.
     0 | D:1      | Reached XP level 1. HP: 14/14 MP: 1/1
     0 | D:1      | 0 ||| qw: Version: 0.2-a-102-gdf20003
     0 | D:1      | 0 ||| qw: Game counter: 734
     0 | D:1      | 0 ||| qw: Always use a shield: true
     0 | D:1      | 0 ||| qw: God list: Okawaru
     0 | D:1      | 0 ||| qw: Allow faded altars: false
     0 | D:1      | 0 ||| qw: Do Orc after D:15 true
     0 | D:1      | 0 ||| qw: Do second Lair branch before Depths: true
     0 | D:1      | 0 ||| qw: Lair rune preference: random
     0 | D:1      | 0 ||| qw: Plans: Normal, Zot:1-4, Slime:5, God:TSO, Crypt,
                  | Tomb, Pan, Hells, Abyss, Win
     0 | D:1      | 0 ||| PLANNING D:1-11
   141 | D:1      | Reached XP level 2. HP: 19/19 MP: 2/2
   324 | D:1      | Found a faded altar of an unknown god.
   557 | D:1      | Reached skill level 3 in Axes
   730 | D:1      | 730 ||| UPGRADING to +0 chain mail.
   740 | D:1      | 740 ||| DROPPING +0 scale mail.
   741 | D:1      | 741 ||| UPGRADING to +6 ring of strength.
   742 | D:1      | 742 ||| DROPPING ring of magical power.
   743 | D:1      | 743 ||| READING scroll labelled DUIZOLLIGE.
   744 | D:1      | 744 ||| READING scroll labelled VAKHOE ERE JIA.
   745 | D:1      | 745 ||| READING scroll labelled UME WUOFICVESI.
   796 | D:2      | 796 ||| DROPPING +0 club.
   815 | D:2      | Reached XP level 3. HP: 9/23 MP: 3/3
  1015 | D:2      | Found Yniusodgh's Antique Weapon Shop.
  1030 | D:2      | 1030 ||| SHOPLISTING glowing hand axe (114 gold, have 28).
  1120 | D:2      | Identified the +1 hand axe of Income {elec, rPois rC+ rN+
                  | Str+2}
  1467 | D:2      | Reached XP level 4. HP: 28/28 MP: 4/4
  1541 | D:2      | 1541 ||| UPGRADING to +0 helmet.
  1546 | D:2      | 1546 ||| READING scroll labelled NYIRICV IDEKH.
  1612 | D:3      | 1612 ||| Stepping ~*~*~tactically~*~*~ (hiding).
  1770 | D:3      | 1770 ||| Stepping ~*~*~tactically~*~*~ (stealth).
  1771 | D:3      | 1771 ||| Stepping ~*~*~tactically~*~*~ (stealth).
  1786 | D:3      | 1786 ||| FLEEEEING.
  1800 | D:3      | 1800 ||| Stepping ~*~*~tactically~*~*~ (stealth).
  1861 | D:3      | 1861 ||| FLEEEEING.
  1862 | D:3      | 1862 ||| FLEEEEING.
  1863 | D:3      | 1863 ||| FLEEEEING.
  1864 | D:3      | 1864 ||| FLEEEEING.
  1865 | D:3      | 1865 ||| FLEEEEING.
  1868 | D:3      | 1868 ||| FLEEEEING.
  1869 | D:3      | 1869 ||| FLEEEEING.
  1870 | D:3      | 1870 ||| FLEEEEING.
  1871 | D:3      | 1871 ||| FLEEEEING.
  1872 | D:3      | 1872 ||| FLEEEEING.
  1873 | D:3      | 1873 ||| FLEEEEING.
  1874 | D:3      | 1874 ||| FLEEEEING.
  1875 | D:3      | 1875 ||| FLEEEEING.
  1885 | D:3      | 1885 ||| STAIRDANCE
  1904 | D:2      | Reached XP level 5. HP: 21/32 MP: 5/5
  1947 | D:2      | 1947 ||| DROPPING scarf of invisibility.
  1948 | D:2      | 1948 ||| READING scroll labelled ZOSKUV HUOTT.
  1952 | D:2      | 1952 ||| READING scroll labelled GOIZ FASUPPAPT.
  2324 | D:3      | Noticed a phantom
  2338 | D:3      | Killed a phantom
  2339 | D:3      | Reached skill level 4 in Fighting
  2339 | D:3      | Reached XP level 6. HP: 39/39 MP: 6/6
  2619 | D:3      | 2619 ||| READING scroll labelled VIMMYL WIVAABO.
  2620 | D:3      | 2620 ||| READING 3 scrolls of identify.
  2620 | D:3      | 2620 ||| IDENTIFYING fuming inky potion
  2621 | D:3      | 2621 ||| READING 2 scrolls of identify.
  2621 | D:3      | 2621 ||| IDENTIFYING coppery potion
  2679 | D:4      | Found an opulent altar of Gozag.
  2848 | D:4      | 2848 ||| Stepping ~*~*~tactically~*~*~ (stealth).
  2849 | D:4      | 2849 ||| Stepping ~*~*~tactically~*~*~ (stealth).
  2851 | D:4      | 2851 ||| Stepping ~*~*~tactically~*~*~ (stealth).
  2881 | D:4      | 2881 ||| Stepping ~*~*~tactically~*~*~ (hiding).
  2896 | D:4      | 2896 ||| Stepping ~*~*~tactically~*~*~ (hiding).
  2935 | D:4      | Found a staircase to the Ecumenical Temple.
  2936 | D:4      | 2936 ||| PLANNING TEMPLE
  2936 | D:4      | 2936 ||| READING scroll labelled ESYUSHE EJEATE.
  2937 | D:4      | 2937 ||| READING scroll labelled EKOQETR HUUK.
  2938 | D:4      | 2938 ||| READING 2 scrolls of identify.
  2938 | D:4      | 2938 ||| IDENTIFYING orange potion
  2946 | Temple   | Entered the Ecumenical Temple
  2983 | Temple   | 2983 ||| PLANNING OKAWARU WORSHIP
  2994 | Temple   | Became a worshipper of Warmaster Okawaru
  2994 | Temple   | 2994 ||| PLANNING D:1-11
  3204 | D:4      | 3204 ||| Stepping ~*~*~tactically~*~*~ (stealth).
  3205 | D:4      | 3205 ||| Stepping ~*~*~tactically~*~*~ (stealth).
  3459 | D:4      | 3459 ||| Stepping ~*~*~tactically~*~*~ (stealth).
  3464 | D:4      | 3464 ||| Stepping ~*~*~tactically~*~*~ (hiding).
  3472 | D:4      | Reached skill level 6 in Axes
  3594 | D:4      | 3594 ||| READING scroll of enchant armour.
  3594 | D:4      | 3594 ||| ENCHANTING +0 helmet.
  3659 | D:4      | 3659 ||| UPGRADING to amulet of regeneration.
  3664 | D:4      | 3664 ||| DRINKING 2 ruby potions.
  3665 | D:4      | 3665 ||| READING 2 scrolls of identify.
  3665 | D:4      | 3665 ||| IDENTIFYING metallic clear potion
  3666 | D:4      | 3666 ||| DROPPING potion of invisibility.
  3679 | D:5      | Entered Level 5 of the Dungeon
  3699 | D:5      | 3699 ||| Stepping ~*~*~tactically~*~*~ (stealth).
  3706 | D:5      | Reached skill level 1 in Dodging
  3706 | D:5      | Reached XP level 7. HP: 44/44 MP: 7/7
  3706 | D:5      | 3706 ||| Stepping ~*~*~tactically~*~*~ (stealth).
  3719 | D:5      | 3719 ||| Stepping ~*~*~tactically~*~*~ (stealth).
  3761 | D:5      | 3761 ||| Stepping ~*~*~tactically~*~*~ (hiding).
  3762 | D:5      | 3762 ||| Stepping ~*~*~tactically~*~*~ (hiding).
  3812 | D:5      | 3812 ||| Stepping ~*~*~tactically~*~*~ (stealth).
  3831 | D:5      | Reached * piety under Okawaru
  3846 | D:5      | Reached skill level 1 in Invocations
  3946 | D:5      | 3946 ||| Stepping ~*~*~tactically~*~*~ (stealth).
  3948 | D:5      | 3948 ||| Stepping ~*~*~tactically~*~*~ (hiding).
  3951 | D:5      | 3951 ||| INVOKING Heroism.
  3976 | D:5      | 3976 ||| DROPPING +0 mace.
  4061 | D:5      | 4061 ||| INVOKING Heroism.
  4068 | D:5      | Reached XP level 8. HP: 48/48 MP: 6/10
  4115 | D:5      | 4115 ||| Stepping ~*~*~tactically~*~*~ (stealth).
  4118 | D:5      | 4118 ||| Stepping ~*~*~tactically~*~*~ (stealth).
  4119 | D:5      | 4119 ||| Stepping ~*~*~tactically~*~*~ (stealth).
  4121 | D:5      | 4121 ||| INVOKING Heroism.
  4127 | D:5      | Reached skill level 5 in Fighting
  4127 | D:5      | Reached skill level 3 in Invocations
  4338 | D:5      | 4338 ||| INVOKING Heroism.
  4814 | D:5      | 4814 ||| READING scroll labelled KISHRO IMER TUI.
  4815 | D:5      | 4815 ||| READING 3 scrolls of identify.
  4815 | D:5      | 4815 ||| IDENTIFYING golden potion
  4816 | D:5      | 4816 ||| READING 2 scrolls of identify.
  4816 | D:5      | 4816 ||| IDENTIFYING gluggy clear potion
  4840 | D:6      | 4840 ||| STAIRDANCE
  4928 | D:6      | Found a large runed translucent door.
  4929 | D:6      | Found a large runed translucent door.
  4941 | D:6      | Noticed qw's ghost (amateur GrFi)
  4948 | D:6      | Noticed Maggie
  4949 | D:6      | 4949 ||| Stepping ~*~*~tactically~*~*~ (hiding).
  4964 | D:6      | 4964 ||| INVOKING Heroism.
  4968 | D:6      | Killed Maggie
  4993 | D:6      | 4993 ||| Stepping ~*~*~tactically~*~*~ (stealth).
  4994 | D:6      | 4994 ||| INVOKING Heroism.
  4995 | D:6      | 4995 ||| Stepping ~*~*~tactically~*~*~ (stealth).
  5002 | D:6      | Reached XP level 9. HP: 55/55 MP: 9/12
  5005 | D:6      | 5005 ||| Stepping ~*~*~tactically~*~*~ (stealth).
  5006 | D:6      | 5006 ||| Stepping ~*~*~tactically~*~*~ (stealth).
  5030 | D:6      | 5030 ||| INVOKING Heroism.
  5035 | D:6      | Reached skill level 6 in Fighting
  5035 | D:6      | 5035 ||| Stepping ~*~*~tactically~*~*~ (stealth).
  5058 | D:6      | Found a sacrificial altar of Ru.
  5109 | D:6      | 5109 ||| Stepping ~*~*~tactically~*~*~ (hiding).
  5197 | D:6      | Found a runed translucent gate.
  5197 | D:6      | Found a runed translucent gate.
  5197 | D:6      | Found a runed translucent gate.
  5224 | D:6      | 5224 ||| INVOKING Heroism.
  5230 | D:6      | Reached skill level 9 in Axes
  5296 | D:6      | 5296 ||| INVOKING Heroism.
  5321 | D:6      | Reached ** piety under Okawaru
  5347 | D:6      | Found a shimmering blue altar of Sif Muna.
  5374 | D:6      | 5374 ||| INVOKING Heroism.
  5559 | D:6      | 5559 ||| DRINKING 2 fizzy pink potions.
  5664 | D:6      | 5664 ||| DROPPING potion of berserk rage.
  5727 | D:7      | 5727 ||| Stepping ~*~*~tactically~*~*~ (hiding).
  5731 | D:7      | Reached skill level 7 in Fighting
  5732 | D:7      | 5732 ||| INVOKING Heroism.
  5734 | D:7      | 5734 ||| Stepping ~*~*~tactically~*~*~ (hiding).
  5856 | D:7      | 5856 ||| Stepping ~*~*~tactically~*~*~ (hiding).
  5859 | D:7      | 5859 ||| Stepping ~*~*~tactically~*~*~ (hiding).
  5877 | D:7      | Reached XP level 10. HP: 51/63 MP: 13/13
  5879 | D:7      | 5879 ||| INVOKING Heroism.
  5885 | D:7      | Reached skill level 8 in Fighting
  5906 | D:7      | 5906 ||| DROPPING +0 flail.
  5930 | D:7      | 5930 ||| FLEEEEING.
  5931 | D:7      | 5931 ||| FLEEEEING.
  5932 | D:7      | 5932 ||| FLEEEEING.
  5933 | D:7      | 5933 ||| FLEEEEING.
  5934 | D:7      | 5934 ||| FLEEEEING.
  5935 | D:7      | 5935 ||| FLEEEEING.
  5936 | D:7      | 5936 ||| FLEEEEING.
  5937 | D:7      | 5937 ||| FLEEEEING.
  5938 | D:7      | 5938 ||| Stepping ~*~*~tactically~*~*~ (hiding).
  5939 | D:7      | 5939 ||| INVOKING Heroism.
  5940 | D:7      | 5940 ||| Stepping ~*~*~tactically~*~*~ (hiding).
  5941 | D:7      | 5941 ||| Stepping ~*~*~tactically~*~*~ (hiding).
  5942 | D:7      | 5942 ||| Stepping ~*~*~tactically~*~*~ (hiding).
  6005 | D:7      | 6005 ||| INVOKING Heroism.
  6174 | D:7      | Found Jaibieph's Jewellery Shop.
  6185 | D:7      | 6185 ||| SHOPLISTING +4 ring of slaying (936 gold, have
                  | 409).
  6185 | D:7      | 6185 ||| SHOPLISTING +5 ring of evasion (432 gold, have
                  | 409).
  6185 | D:7      | 6185 ||| SHOPLISTING +6 ring of dexterity (432 gold, have
                  | 409).
  6185 | D:7      | 6185 ||| SHOPLISTING amulet of Vitality {RegenMP++ Regen++}
                  | (1200 gold, have 409).
  6185 | D:7      | 6185 ||| SHOPLISTING amulet of faith (480 gold, have 409).
  6185 | D:7      | 6185 ||| BUYING ring of ice (300 gold).
  6185 | D:7      | Bought a ring of ice for 300 gold pieces
  6185 | D:7      | 6185 ||| SHOPLISTING ring of willpower (300 gold, have
                  | 109).
  6201 | D:7      | Found a blossoming altar of Fedhas.
  6220 | D:7      | 6220 ||| Stepping ~*~*~tactically~*~*~ (hiding).
  6221 | D:7      | 6221 ||| INVOKING Heroism.
  6263 | D:7      | Found Finadd's Antique Weapon Shoppe.
  6274 | D:7      | 6274 ||| SHOPLISTING runed whip (170 gold, have 135).
  6418 | D:7      | Found Pyhemeso's Assorted Antiques.
  6426 | D:7      | 6426 ||| BUYING encrusted bone wand (84 gold).
  6426 | D:7      | Bought an encrusted bone wand for 84 gold pieces
  6426 | D:7      | 6426 ||| SHOPLISTING plate armour (483 gold, have 51).
  6426 | D:7      | 6426 ||| SHOPLISTING scroll of enchant weapon (157 gold,
                  | have 51).
  6426 | D:7      | 6426 ||| BUYING scroll of identify (42 gold).
  6426 | D:7      | Bought a scroll of identify for 42 gold pieces
  6426 | D:7      | 6426 ||| SHOPLISTING worn silver wand (84 gold, have 9).
  6444 | D:7      | Found Nuelena's Jewellery Shop.
  6452 | D:7      | 6452 ||| SHOPLISTING +6 ring of strength (432 gold, have
                  | 9).
  6452 | D:7      | 6452 ||| SHOPLISTING amulet of faith (480 gold, have 9).
  6452 | D:7      | 6452 ||| SHOPLISTING ring of protection from cold (300
                  | gold, have 9).
  6452 | D:7      | 6452 ||| SHOPLISTING ring of see invisible (180 gold, have
                  | 9).
  6692 | D:7      | 6692 ||| UPGRADING to +0 cloak.
  6697 | D:7      | 6697 ||| UPGRADING to amulet of reflection.
  6707 | D:7      | 6707 ||| DROPPING amulet of regeneration.
  6708 | D:7      | 6708 ||| READING scroll labelled YDINUZYOTI.
  6809 | D:7      | 6809 ||| DRINKING 2 clear potions.
  6810 | D:7      | 6810 ||| READING 6 scrolls of identify.
  6810 | D:7      | 6810 ||| IDENTIFYING bubbling black potion
  6811 | D:7      | 6811 ||| DROPPING wand of charming (4).
  6812 | D:7      | 6812 ||| DROPPING potion of degeneration.
  6942 | D:8      | 6942 ||| Stepping ~*~*~tactically~*~*~ (hiding).
  7051 | D:8      | 7051 ||| SWAPPING to +2 vampiric war axe.
  7052 | D:8      | 7052 ||| DROPPING +1 hand axe of Income {elec, rPois rC+
                  | rN+ Str+2}.
  7053 | D:8      | 7053 ||| DROPPING +1 war axe.
  7101 | D:8      | Reached skill level 1 in Throwing
  7125 | D:8      | Found an ancient bone altar of Kikubaaqudgha.
  7129 | D:8      | 7129 ||| Stepping ~*~*~tactically~*~*~ (stealth).
  7147 | D:8      | 7147 ||| INVOKING Heroism.
  7159 | D:8      | 7159 ||| Stepping ~*~*~tactically~*~*~ (hiding).
  7161 | D:8      | 7161 ||| Stepping ~*~*~tactically~*~*~ (hiding).
  7163 | D:8      | 7163 ||| Stepping ~*~*~tactically~*~*~ (hiding).
  7173 | D:8      | 7173 ||| INVOKING Heroism.
  7182 | D:8      | 7182 ||| Stepping ~*~*~tactically~*~*~ (hiding).
  7183 | D:8      | 7183 ||| Stepping ~*~*~tactically~*~*~ (hiding).
  7192 | D:8      | 7192 ||| INVOKING Heroism.
  7297 | D:8      | 7297 ||| INVOKING Heroism.
  7430 | D:8      | 7430 ||| UPGRADING to +0 plate armour.
  7440 | D:8      | 7440 ||| DROPPING +0 chain mail.
  7441 | D:8      | 7441 ||| READING scroll labelled OCUM OMPYMM.
  7464 | D:9      | 7464 ||| STAIRDANCE
  7494 | D:9      | 7494 ||| STAIRDANCE
  7501 | D:8      | Reached skill level 6 in Armour
  7503 | D:8      | 7503 ||| INVOKING Heroism.
  7564 | D:9      | Found a staircase to the Lair.
  7565 | D:9      | 7565 ||| Stepping ~*~*~tactically~*~*~ (hiding).
  7566 | D:9      | 7566 ||| Stepping ~*~*~tactically~*~*~ (hiding).
  7577 | D:9      | Reached *** piety under Okawaru
  7581 | D:9      | 7581 ||| INVOKING Heroism.
  7584 | D:9      | 7584 ||| Stepping ~*~*~tactically~*~*~ (stealth).
  7605 | D:9      | 7605 ||| Stepping ~*~*~tactically~*~*~ (hiding).
  7606 | D:9      | 7606 ||| Stepping ~*~*~tactically~*~*~ (hiding).
  7607 | D:9      | 7607 ||| Stepping ~*~*~tactically~*~*~ (hiding).
  7622 | D:9      | 7622 ||| Stepping ~*~*~tactically~*~*~ (stealth).
  7643 | D:9      | Noticed a two-headed ogre
  7644 | D:9      | 7644 ||| INVOKING Heroism.
  7645 | D:9      | Found Carphox's Antique Armour Shop.
  7655 | D:9      | Killed a two-headed ogre
  7656 | D:9      | Reached skill level 9 in Fighting
  7656 | D:9      | Reached XP level 11. HP: 61/72 MP: 12/14
  7674 | D:9      | 7674 ||| Stepping ~*~*~tactically~*~*~ (stealth).
  7699 | D:9      | 7699 ||| Stepping ~*~*~tactically~*~*~ (stealth).
  7723 | D:9      | 7723 ||| SHOPLISTING pair of embroidered gloves (195 gold,
                  | have 111).
  7723 | D:9      | 7723 ||| SHOPLISTING runed scarf (208 gold, have 111).
  7723 | D:9      | 7723 ||| SHOPLISTING shiny chain mail (195 gold, have 111).
  7761 | D:9      | 7761 ||| Stepping ~*~*~tactically~*~*~ (stealth).
  7766 | D:9      | 7766 ||| Stepping ~*~*~tactically~*~*~ (stealth).
  7769 | D:9      | 7769 ||| Stepping ~*~*~tactically~*~*~ (stealth).
  7784 | D:9      | 7784 ||| Stepping ~*~*~tactically~*~*~ (stealth).
  7786 | D:9      | 7786 ||| Stepping ~*~*~tactically~*~*~ (stealth).
  7788 | D:9      | Found a staircase to the Orcish Mines.
  7789 | D:9      | 7789 ||| Stepping ~*~*~tactically~*~*~ (hiding).
  7790 | D:9      | 7790 ||| Stepping ~*~*~tactically~*~*~ (stealth).
  7792 | D:9      | 7792 ||| Stepping ~*~*~tactically~*~*~ (stealth).
  7815 | D:9      | Reached **** piety under Okawaru
  7817 | D:9      | 7817 ||| FLEEEEING.
  7818 | D:9      | 7818 ||| FLEEEEING.
  7819 | D:9      | 7819 ||| FLEEEEING.
  7820 | D:9      | 7820 ||| FLEEEEING.
  7821 | D:9      | 7821 ||| Stepping ~*~*~tactically~*~*~ (stealth).
  7837 | D:9      | 7837 ||| Stepping ~*~*~tactically~*~*~ (stealth).
  7857 | D:9      | 7857 ||| Stepping ~*~*~tactically~*~*~ (stealth).
  7875 | D:9      | 7875 ||| Stepping ~*~*~tactically~*~*~ (stealth).
  7915 | D:9      | 7915 ||| INVOKING Heroism.
  8022 | D:9      | 8022 ||| Stepping ~*~*~tactically~*~*~ (stealth).
  8030 | D:9      | 8030 ||| Stepping ~*~*~tactically~*~*~ (stealth).
  8069 | D:9      | 8069 ||| Stepping ~*~*~tactically~*~*~ (stealth).
  8250 | D:9      | 8250 ||| READING scroll of enchant armour.
  8250 | D:9      | 8250 ||| ENCHANTING +1 helmet.
  8310 | D:9      | 8310 ||| Stepping ~*~*~tactically~*~*~ (stealth).
  8313 | D:9      | 8313 ||| Stepping ~*~*~tactically~*~*~ (hiding).
  8319 | D:9      | Gained mutation: You are frail. (-10% HP) [a neqoxec]
  8320 | D:9      | Gained mutation: You occasionally lose the ability to drink
                  | potions when taking damage. [a neqoxec]
  8322 | D:9      | Noticed a soul eater
  8343 | D:9      | Noticed a sixfirhy
  8348 | D:9      | 8348 ||| DRINKING 2 potions of mutation.
  8348 | D:9      | Lost mutation: You occasionally lose the ability to drink
                  | potions when taking damage. [potion of mutation]
  8348 | D:9      | Lost mutation: You are frail. (-10% HP) [potion of
                  | mutation]
  8348 | D:9      | Gained mutation: You are covered in fur. (AC +1) [potion of
                  | mutation]
  8348 | D:9      | Gained mutation: You are partially covered in iridescent
                  | scales. (AC +2) [potion of mutation]
  8348 | D:9      | Gained mutation: You are agile. (Dex +4, Str/Int -1)
                  | [potion of mutation]
  8480 | D:9      | 8480 ||| Stepping ~*~*~tactically~*~*~ (stealth).
  8519 | D:9      | 8519 ||| PLANNING LAIR
  8519 | D:9      | 8519 ||| UPGRADING to +0 kite shield.
  8529 | D:9      | 8529 ||| DROPPING +0 buckler.
  8530 | D:9      | 8530 ||| READING 6 scrolls of identify.
  8530 | D:9      | 8530 ||| IDENTIFYING murky ruby potion
  8544 | Lair:1   | Entered Level 1 of the Lair of Beasts
  8558 | Lair:1   | Reached skill level 6 in Invocations
  8594 | Lair:1   | 8594 ||| INVOKING Heroism.
  8621 | Lair:1   | 8621 ||| INVOKING Heroism.
  8740 | Lair:1   | Reached skill level 6 in Shields
  8749 | Lair:1   | 8749 ||| INVOKING Heroism.
  8833 | Lair:1   | 8833 ||| INVOKING Heroism.
  8956 | Lair:1   | 8956 ||| Stepping ~*~*~tactically~*~*~ (stealth).
  9013 | Lair:1   | 9013 ||| READING 8 scrolls of identify.
  9013 | Lair:1   | 9013 ||| IDENTIFYING murky yellow potion
  9014 | Lair:1   | 9014 ||| DROPPING potion of brilliance.
  9043 | Lair:2   | 9043 ||| INVOKING Heroism.
  9091 | Lair:2   | 9091 ||| DROPPING +3 flail of freezing.
  9178 | Lair:2   | 9178 ||| INVOKING Heroism.
  9182 | Lair:2   | Reached XP level 12. HP: 77/77 MP: 14/18
  9306 | Lair:2   | 9306 ||| INVOKING Heroism.
  9403 | Lair:2   | 9403 ||| INVOKING Heroism.
  9428 | Lair:2   | Reached ***** piety under Okawaru
  9439 | Lair:2   | Reached skill level 9 in Invocations
  9539 | Lair:2   | Noticed a four-headed hydra
  9540 | Lair:2   | 9540 ||| INVOKING Heroism.
  9541 | Lair:2   | 9541 ||| INVOKING Finesse.
  9545 | Lair:2   | 9545 ||| SWAPPING to +0 morningstar.
  9549 | Lair:2   | Killed a four-headed hydra
  9550 | Lair:2   | 9550 ||| SWAPPING to +2 vampiric war axe.
  9605 | Lair:2   | Found a staircase to the Snake Pit.
  9606 | Lair:2   | 9606 ||| Stepping ~*~*~tactically~*~*~ (hiding).
  9621 | Lair:2   | 9621 ||| FLEEEEING.
 10122 | Lair:2   | 10122 ||| UPGRADING to +5 ring of evasion.
 10123 | Lair:2   | 10123 ||| READING 7 scrolls of identify.
 10123 | Lair:2   | 10123 ||| IDENTIFYING black potion
 10124 | Lair:2   | 10124 ||| DROPPING potion of ambrosia.
 10149 | Lair:3   | 10149 ||| INVOKING Heroism.
 10259 | Lair:3   | 10259 ||| INVOKING Heroism.
 10272 | Lair:3   | Noticed a skyshark
 10285 | Lair:3   | Killed a skyshark
 10286 | Lair:3   | Reached skill level 9 in Shields
 10389 | Lair:3   | 10389 ||| Stepping ~*~*~tactically~*~*~ (stealth).
 10391 | Lair:3   | 10391 ||| Stepping ~*~*~tactically~*~*~ (stealth).
 10393 | Lair:3   | 10393 ||| Stepping ~*~*~tactically~*~*~ (stealth).
 10395 | Lair:3   | 10395 ||| INVOKING Heroism.
 10411 | Lair:3   | Reached skill level 3 in Throwing
 10411 | Lair:3   | 10411 ||| INVOKING Heroism.
 10434 | Lair:3   | Found a staircase to the Swamp.
 10766 | Lair:3   | 10766 ||| UPGRADING to +0 pair of gloves.
 10771 | Lair:3   | 10771 ||| UPGRADING to +0 pair of boots.
 10776 | Lair:3   | 10776 ||| DROPPING amulet of guardian spirit.
 10815 | Lair:4   | 10815 ||| Stepping ~*~*~tactically~*~*~ (hiding).
 10816 | Lair:4   | 10816 ||| INVOKING Heroism.
 10832 | Lair:4   | 10832 ||| Stepping ~*~*~tactically~*~*~ (stealth).
 10833 | Lair:4   | 10833 ||| Stepping ~*~*~tactically~*~*~ (stealth).
 10834 | Lair:4   | 10834 ||| Stepping ~*~*~tactically~*~*~ (stealth).
 10836 | Lair:4   | 10836 ||| Stepping ~*~*~tactically~*~*~ (stealth).
 10837 | Lair:4   | 10837 ||| Stepping ~*~*~tactically~*~*~ (stealth).
 10838 | Lair:4   | 10838 ||| Stepping ~*~*~tactically~*~*~ (stealth).
 10914 | Lair:4   | Reached skill level 9 in Armour
 10934 | Lair:4   | Identified the +2 whip of Xex Qekk {antimagic, Fragile
                  | rPois Dex+3}
 10948 | Lair:4   | 10948 ||| Stepping ~*~*~tactically~*~*~ (stealth).
 10978 | Lair:4   | Reached XP level 13. HP: 81/81 MP: 20/20
 10980 | Lair:4   | 10980 ||| Stepping ~*~*~tactically~*~*~ (stealth).
 10983 | Lair:4   | 10983 ||| Stepping ~*~*~tactically~*~*~ (stealth).
 11028 | Lair:4   | 11028 ||| INVOKING Heroism.
 11034 | Lair:4   | Reached skill level 12 in Axes
 11047 | Lair:4   | Reached skill level 3 in Dodging
 11075 | Lair:4   | 11075 ||| READING scroll of enchant armour.
 11075 | Lair:4   | 11075 ||| ENCHANTING +0 pair of gloves.
 11085 | Lair:4   | 11085 ||| INVOKING Heroism.
 11097 | Lair:4   | Received a gift from Okawaru
 11098 | Lair:4   | 11098 ||| Stepping ~*~*~tactically~*~*~ (stealth).
 11099 | Lair:4   | 11099 ||| Stepping ~*~*~tactically~*~*~ (stealth).
 11139 | Lair:4   | 11139 ||| Stepping ~*~*~tactically~*~*~ (stealth).
 11154 | Lair:4   | Found a viscous altar of Jiyva.
 11159 | Lair:4   | 11159 ||| Stepping ~*~*~tactically~*~*~ (stealth).
 11161 | Lair:4   | Found a staircase to the Slime Pits.
 11354 | Lair:4   | 11354 ||| Stepping ~*~*~tactically~*~*~ (stealth).
 11355 | Lair:4   | 11355 ||| Stepping ~*~*~tactically~*~*~ (stealth).
 11358 | Lair:4   | 11358 ||| Stepping ~*~*~tactically~*~*~ (stealth).
 11359 | Lair:4   | 11359 ||| Stepping ~*~*~tactically~*~*~ (stealth).
 11363 | Lair:4   | Reached skill level 10 in Fighting
 11369 | Lair:4   | 11369 ||| READING scroll of enchant weapon.
 11369 | Lair:4   | 11369 ||| ENCHANTING +2 vampiric war axe.
 11460 | Lair:4   | 11460 ||| READING scroll of enchant weapon.
 11460 | Lair:4   | 11460 ||| ENCHANTING +3 vampiric war axe.
 11516 | Lair:4   | 11516 ||| INVOKING Heroism.
 11718 | Lair:4   | 11718 ||| READING 6 scrolls of identify.
 11718 | Lair:4   | 11718 ||| IDENTIFYING murky sapphire potion
 11719 | Lair:4   | 11719 ||| DROPPING potion of flight.
 11731 | Lair:5   | Entered Level 5 of the Lair of Beasts
 11732 | Lair:5   | 11732 ||| INVOKING Heroism.
 11733 | Lair:5   | 11733 ||| INVOKING Finesse.
 11739 | Lair:5   | 11739 ||| SWAPPING to +0 morningstar.
 11745 | Lair:5   | 11745 ||| SWAPPING to +4 vampiric war axe.
 11792 | Lair:5   | 11792 ||| Stepping ~*~*~tactically~*~*~ (stealth).
 11843 | Lair:5   | 11843 ||| Stepping ~*~*~tactically~*~*~ (stealth).
 11865 | Lair:5   | 11865 ||| Stepping ~*~*~tactically~*~*~ (stealth).
 11867 | Lair:5   | 11867 ||| INVOKING Heroism.
 11950 | Lair:5   | 11950 ||| Stepping ~*~*~tactically~*~*~ (stealth).
 12003 | Lair:5   | 12003 ||| INVOKING Heroism.
 12096 | Lair:5   | 12096 ||| INVOKING Heroism.
 12108 | Lair:5   | 12108 ||| Stepping ~*~*~tactically~*~*~ (hiding).
 12110 | Lair:5   | 12110 ||| Stepping ~*~*~tactically~*~*~ (hiding).
 12111 | Lair:5   | 12111 ||| Stepping ~*~*~tactically~*~*~ (hiding).
 12175 | Lair:5   | 12175 ||| INVOKING Heroism.
 12306 | Lair:5   | 12306 ||| INVOKING Heroism.
 12352 | Lair:5   | 12352 ||| Stepping ~*~*~tactically~*~*~ (stealth).
 12418 | Lair:5   | 12418 ||| INVOKING Heroism.
 12621 | Lair:5   | 12621 ||| Stepping ~*~*~tactically~*~*~ (stealth).
 12630 | Lair:5   | 12630 ||| INVOKING Heroism.
 12797 | Lair:5   | 12797 ||| INVOKING Heroism.
 12820 | Lair:5   | 12820 ||| Stepping ~*~*~tactically~*~*~ (water).
 12847 | Lair:5   | 12847 ||| INVOKING Heroism.
 12913 | Lair:5   | 12913 ||| FLEEEEING.
 12914 | Lair:5   | 12914 ||| FLEEEEING.
 12915 | Lair:5   | 12915 ||| FLEEEEING.
 12918 | Lair:5   | 12918 ||| FLEEEEING.
 12920 | Lair:5   | 12920 ||| FLEEEEING.
 12921 | Lair:5   | 12921 ||| FLEEEEING.
 12924 | Lair:5   | 12924 ||| INVOKING Heroism.
 12954 | Lair:5   | Gained mutation: Your large and strong wings let you fly.
                  | [Gargoyle growth]
 12954 | Lair:5   | Reached XP level 14. HP: 88/88 MP: 21/21
 13004 | Lair:5   | 13004 ||| Stepping ~*~*~tactically~*~*~ (stealth).
 13035 | Lair:5   | 13035 ||| INVOKING Heroism.
 13215 | Lair:5   | 13215 ||| PLANNING D:1-11
 13215 | Lair:5   | 13215 ||| UPGRADING to +2 kite shield.
 13225 | Lair:5   | 13225 ||| DROPPING +0 kite shield.
 13226 | Lair:5   | 13226 ||| READING scroll labelled DEUNAU DOBI.
 13443 | D:10     | Entered Level 10 of the Dungeon
 13443 | D:10     | Noticed Erolcha
 13444 | D:10     | 13444 ||| INVOKING Heroism.
 13445 | D:10     | 13445 ||| INVOKING Finesse.
 13475 | D:10     | Killed Erolcha
 13589 | D:10     | 13589 ||| Stepping ~*~*~tactically~*~*~ (hiding).
 13604 | D:10     | 13604 ||| Stepping ~*~*~tactically~*~*~ (hiding).
 13761 | D:10     | Received a gift from Okawaru
 13762 | D:10     | Reached skill level 11 in Fighting
 13847 | D:10     | 13847 ||| UPGRADING to ring of see invisible.
 13898 | D:10     | 13898 ||| DRINKING 11 potions of curing.
 13898 | D:10     | 13898 ||| (to cure confusion)
 14061 | D:11     | Noticed Erica
 14062 | D:11     | 14062 ||| INVOKING Heroism.
 14073 | D:11     | Killed Erica
 14089 | D:11     | 14089 ||| Stepping ~*~*~tactically~*~*~ (stealth).
 14090 | D:11     | 14090 ||| Stepping ~*~*~tactically~*~*~ (stealth).
 14091 | D:11     | 14091 ||| Stepping ~*~*~tactically~*~*~ (stealth).
 14317 | D:11     | Noticed Onakli's ghost (journeyman DsFi)
 14370 | D:11     | Found a transporter.
 14373 | D:11     | Found a transporter.
 14453 | D:11     | Found a snail-covered altar of Cheibriados.
 14453 | D:11     | Noticed Harold
 14460 | D:11     | Killed Harold
 14460 | D:11     | Identified the +4 chain mail of the Snail {*Slow rPois rF+
                  | rCorr} (Okawaru gifted it to you on level 11 of the
                  | Dungeon)
 14460 | D:11     | Received a gift from Okawaru
 14494 | D:11     | Found Qiazuxij's Antique Weapon Emporium.
 14498 | D:11     | Noticed Psyche
 14511 | D:11     | 14511 ||| INVOKING Heroism.
 14517 | D:11     | 14517 ||| DROPPING +0 morningstar.
 14517 | D:11     | HP: 20/90 [Psyche/+1 dagger of chaos (5)]
 14518 | D:11     | 14518 ||| READING 6 scrolls of teleportation.
 14519 | D:11     | 14519 ||| DRINKING 3 potions of heal wounds.
 14520 | D:11     | 14520 ||| DRINKING 2 potions of heal wounds.
 14671 | D:11     | Killed Psyche
 14771 | D:11     | 14771 ||| BUYING glowing broad axe (203 gold).
 14771 | D:11     | Bought a glowing broad axe for 203 gold pieces
 14771 | D:11     | 14771 ||| BUYING morningstar (116 gold).
 14771 | D:11     | Bought a morningstar for 116 gold pieces
 14960 | D:11     | 14960 ||| PLANNING D
 14960 | D:11     | 14960 ||| UPGRADING to +4 chain mail of the Snail {*Slow
                  | rPois rF+ rCorr}.
 14970 | D:11     | 14970 ||| READING scroll labelled VETUAMEMUMP.
 14971 | D:11     | 14971 ||| READING scroll labelled KIBUSI MERAROD.
 14998 | D:12     | 14998 ||| READING scroll of enchant weapon.
 14998 | D:12     | 14998 ||| ENCHANTING +4 vampiric war axe.
 15086 | D:12     | 15086 ||| Stepping ~*~*~tactically~*~*~ (hiding).
 15088 | D:12     | 15088 ||| Stepping ~*~*~tactically~*~*~ (hiding).
 15092 | D:12     | 15092 ||| DRINKING 13 potions of curing.
 15092 | D:12     | 15092 ||| (to cure confusion)
 15100 | D:12     | Reached skill level 12 in Shields
 15103 | D:12     | 15103 ||| INVOKING Heroism.
 15121 | D:12     | 15121 ||| INVOKING Heroism.
 15122 | D:12     | 15122 ||| INVOKING Finesse.
 15189 | D:12     | Noticed a sphinx
 15199 | D:12     | Noticed a fire giant
 15213 | D:12     | 15213 ||| INVOKING Heroism.
 15260 | D:12     | Found a runed translucent gate.
 15260 | D:12     | Found a runed translucent gate.
 15260 | D:12     | Found a runed translucent gate.
 15290 | D:12     | Found a runed translucent gate.
 15290 | D:12     | Found a runed translucent gate.
 15290 | D:12     | Found a runed translucent gate.
 15313 | D:12     | 15313 ||| Stepping ~*~*~tactically~*~*~ (hiding).
 15314 | D:12     | 15314 ||| INVOKING Heroism.
 15688 | D:12     | 15688 ||| Stepping ~*~*~tactically~*~*~ (hiding).
 15783 | D:12     | Reached skill level 15 in Axes
 16190 | D:12     | 16190 ||| DROPPING ring of positive energy.
 16191 | D:12     | 16191 ||| READING 8 scrolls of identify.
 16191 | D:12     | 16191 ||| IDENTIFYING cyan potion
 16257 | D:13     | 16257 ||| Stepping ~*~*~tactically~*~*~ (stealth).
 16259 | D:13     | 16259 ||| Stepping ~*~*~tactically~*~*~ (stealth).
 16263 | D:13     | 16263 ||| INVOKING Heroism.
 16305 | D:13     | 16305 ||| Stepping ~*~*~tactically~*~*~ (hiding).
 16352 | D:13     | 16352 ||| INVOKING Heroism.
 16435 | D:13     | 16435 ||| INVOKING Heroism.
 16481 | D:13     | 16481 ||| INVOKING Heroism.
 16571 | D:13     | 16571 ||| INVOKING Heroism.
 16585 | D:13     | Reached XP level 15. HP: 96/96 MP: 20/22
 16600 | D:13     | Received a gift from Okawaru
 16602 | D:13     | Reached skill level 12 in Fighting
 16648 | D:13     | 16648 ||| Stepping ~*~*~tactically~*~*~ (hiding).
 16649 | D:13     | 16649 ||| Stepping ~*~*~tactically~*~*~ (hiding).
 16846 | D:13     | 16846 ||| DRINKING 12 potions of curing.
 16846 | D:13     | 16846 ||| (to cure confusion)
 16847 | D:13     | 16847 ||| DRINKING 11 potions of curing.
 16847 | D:13     | 16847 ||| (to cure confusion)
 16864 | D:13     | Found a gate to the Vaults.
 17286 | D:13     | 17286 ||| DROPPING +2 helmet.
 17287 | D:13     | 17287 ||| READING scroll labelled QOQETHROJIST.
 17287 | D:13     | Identified a scroll of acquirement
 17287 | D:13     | 17287 ||| ACQUIRING +0 pair of gloves of Neuneo {-Tele MP+9
                  | Str+8}
 17287 | D:13     | Acquired the +0 pair of gloves of Neuneo {-Tele MP+9 Str+8}
 17384 | D:14     | 17384 ||| READING scroll of enchant armour.
 17384 | D:14     | 17384 ||| ENCHANTING +1 pair of gloves.
 17405 | D:14     | Reached skill level 6 in Throwing
 17408 | D:14     | 17408 ||| INVOKING Heroism.
 17463 | D:14     | 17463 ||| Stepping ~*~*~tactically~*~*~ (hiding).
 17697 | D:14     | 17697 ||| INVOKING Heroism.
 17742 | D:14     | 17742 ||| Stepping ~*~*~tactically~*~*~ (hiding).
 17743 | D:14     | 17743 ||| Stepping ~*~*~tactically~*~*~ (hiding).
 17745 | D:14     | 17745 ||| Stepping ~*~*~tactically~*~*~ (hiding).
 18121 | D:14     | 18121 ||| UPGRADING to +1 pair of boots.
 18131 | D:14     | 18131 ||| DROPPING +0 pair of boots.
 18132 | D:14     | 18132 ||| UPGRADING to +0 tower shield.
 18142 | D:14     | 18142 ||| DROPPING +2 kite shield.
 18177 | D:15     | Entered Level 15 of the Dungeon
 18189 | D:15     | 18189 ||| Stepping ~*~*~tactically~*~*~ (hiding).
 18314 | D:15     | 18314 ||| Stepping ~*~*~tactically~*~*~ (hiding).
 18327 | D:15     | 18327 ||| INVOKING Heroism.
 18397 | D:15     | 18397 ||| INVOKING Heroism.
 18412 | D:15     | Received a gift from Okawaru
 18431 | D:15     | 18431 ||| READING scroll of enchant weapon.
 18431 | D:15     | 18431 ||| ENCHANTING +5 vampiric war axe.
 18471 | D:15     | Found a runed translucent door.
 18515 | D:15     | Found Tijya's Magic Scroll Boutique.
 18524 | D:15     | 18524 ||| SHOPLISTING scroll of acquirement (728 gold, have
                  | 654).
 18524 | D:15     | 18524 ||| BUYING scroll of enchant armour (105 gold).
 18524 | D:15     | Bought a scroll of enchant armour for 105 gold pieces
 18524 | D:15     | 18524 ||| BUYING scroll of enchant weapon (105 gold).
 18524 | D:15     | Bought a scroll of enchant weapon for 105 gold pieces
 18524 | D:15     | 18524 ||| BUYING scroll of teleportation (42 gold).
 18524 | D:15     | Bought a scroll of teleportation for 42 gold pieces
 18524 | D:15     | 18524 ||| BUYING scroll of teleportation (42 gold).
 18524 | D:15     | Bought a scroll of teleportation for 42 gold pieces
 18524 | D:15     | 18524 ||| BUYING scroll of teleportation (42 gold).
 18524 | D:15     | Bought a scroll of teleportation for 42 gold pieces
 18524 | D:15     | 18524 ||| READING scroll of enchant armour.
 18524 | D:15     | 18524 ||| ENCHANTING +1 pair of boots.
 18525 | D:15     | 18525 ||| READING scroll of enchant weapon.
 18525 | D:15     | 18525 ||| ENCHANTING +6 vampiric war axe.
 18709 | D:15     | Found a staircase to the Depths.
 18749 | D:15     | Noticed an orc warlord
 18859 | D:15     | 18859 ||| PLANNING ORC
 18961 | Orc:1    | Entered Level 1 of the Orcish Mines
 19127 | Orc:2    | Entered Level 2 of the Orcish Mines
 19144 | Orc:2    | Identified the +0 pair of gloves of Vanity {Harm} (Okawaru
                  | gifted it to you on level 2 of the Orcish Mines)
 19144 | Orc:2    | Received a gift from Okawaru
 19165 | Orc:1    | 19165 ||| INVOKING Heroism.
 19213 | Orc:1    | 19213 ||| DRINKING 11 potions of curing.
 19213 | Orc:1    | 19213 ||| (to cure confusion)
 19623 | Orc:2    | Found a staircase to the Elven Halls.
 19637 | Orc:2    | 19637 ||| Stepping ~*~*~tactically~*~*~ (hiding).
 19638 | Orc:2    | 19638 ||| Stepping ~*~*~tactically~*~*~ (hiding).
 19664 | Orc:2    | 19664 ||| Stepping ~*~*~tactically~*~*~ (stealth).
 19665 | Orc:2    | 19665 ||| Stepping ~*~*~tactically~*~*~ (hiding).
 19674 | Orc:2    | 19674 ||| FLEEEEING.
 19675 | Orc:2    | 19675 ||| FLEEEEING.
 19676 | Orc:2    | 19676 ||| FLEEEEING.
 19677 | Orc:2    | 19677 ||| FLEEEEING.
 19678 | Orc:2    | 19678 ||| FLEEEEING.
 19679 | Orc:2    | 19679 ||| FLEEEEING.
 19681 | Orc:2    | 19681 ||| FLEEEEING.
 19682 | Orc:2    | 19682 ||| FLEEEEING.
 19683 | Orc:2    | 19683 ||| FLEEEEING.
 19684 | Orc:2    | 19684 ||| FLEEEEING.
 19685 | Orc:2    | 19685 ||| FLEEEEING.
 19746 | Orc:2    | 19746 ||| Stepping ~*~*~tactically~*~*~ (hiding).
 19747 | Orc:2    | 19747 ||| Stepping ~*~*~tactically~*~*~ (hiding).
 19796 | Orc:2    | 19796 ||| Stepping ~*~*~tactically~*~*~ (stealth).
 19801 | Orc:2    | 19801 ||| Stepping ~*~*~tactically~*~*~ (hiding).
 19802 | Orc:2    | 19802 ||| Stepping ~*~*~tactically~*~*~ (hiding).
 20118 | Orc:2    | Found Togy's Assorted Antiques.
 20127 | Orc:2    | 20127 ||| INVOKING Heroism.
 20134 | Orc:2    | Reached XP level 16. HP: 67/101 MP: 21/23
 20242 | Orc:2    | 20242 ||| BUYING potion of lignification (63 gold).
 20242 | Orc:2    | Bought a potion of lignification for 63 gold pieces
 20242 | Orc:2    | 20242 ||| BUYING potion of might (84 gold).
 20242 | Orc:2    | Bought a potion of might for 84 gold pieces
 20242 | Orc:2    | 20242 ||| BUYING scroll of teleportation (63 gold).
 20242 | Orc:2    | Bought a scroll of teleportation for 63 gold pieces
 20354 | Orc:2    | 20354 ||| INVOKING Heroism.
 20366 | Orc:2    | 20366 ||| INVOKING Finesse.
 20372 | Orc:2    | Reached skill level 15 in Shields
 20418 | Orc:2    | Found Urihyradif's Antique Armour Shoppe.
 20433 | Orc:2    | Found Puumig's Antique Weapon Emporium.
 20442 | Orc:2    | 20442 ||| BUYING glowing plate armour (728 gold).
 20442 | Orc:2    | Bought a glowing plate armour for 728 gold pieces
 20442 | Orc:2    | 20442 ||| BUYING jewelled chain mail (266 gold).
 20442 | Orc:2    | Bought a jewelled chain mail for 266 gold pieces
 20442 | Orc:2    | Identified the +1 chain mail "Hutuni" {Int+4 Dex+2} (You
                  | bought it in a shop on level 2 of the Orcish Mines)
 20442 | Orc:2    | 20442 ||| SHOPLISTING shimmering plate armour (784 gold,
                  | have 67).
 20448 | Orc:2    | 20448 ||| SHOPLISTING glowing flail (188 gold, have 67).
 20458 | Orc:2    | 20458 ||| INVOKING Heroism.
 20493 | Orc:2    | 20493 ||| Stepping ~*~*~tactically~*~*~ (stealth).
 20495 | Orc:2    | 20495 ||| Stepping ~*~*~tactically~*~*~ (hiding).
 20611 | Orc:2    | 20611 ||| INVOKING Heroism.
 20612 | Orc:2    | Found Notonaz's General Store.
 20630 | Orc:2    | 20630 ||| INVOKING Heroism.
 20651 | Orc:2    | 20651 ||| SHOPLISTING +3 plate armour of fire resistance
                  | (675 gold, have 95).
 20651 | Orc:2    | 20651 ||| PLANNING SNAKE:1-3
 20651 | Orc:2    | 20651 ||| DROPPING +0 plate armour.
 20652 | Orc:2    | 20652 ||| DROPPING +0 pair of gloves of Vanity {Harm}.
 20653 | Orc:2    | 20653 ||| UPGRADING to +0 plate armour of willpower.
 20663 | Orc:2    | 20663 ||| UPGRADING to +1 plate armour of fire resistance.
 20673 | Orc:2    | 20673 ||| DROPPING +1 chain mail "Hutuni" {Int+4 Dex+2}.
 20790 | Snake:1  | Entered Level 1 of the Snake Pit
 20931 | Snake:1  | 20931 ||| Stepping ~*~*~tactically~*~*~ (hiding).
 20980 | Snake:1  | 20980 ||| Stepping ~*~*~tactically~*~*~ (stealth).
 20983 | Snake:1  | 20983 ||| Stepping ~*~*~tactically~*~*~ (stealth).
 20992 | Snake:1  | 20992 ||| Stepping ~*~*~tactically~*~*~ (stealth).
 21026 | Snake:1  | 21026 ||| Stepping ~*~*~tactically~*~*~ (stealth).
 21043 | Snake:1  | 21043 ||| READING scroll of enchant weapon.
 21043 | Snake:1  | 21043 ||| ENCHANTING +7 vampiric war axe.
 21048 | Snake:1  | 21048 ||| INVOKING Heroism.
 21164 | Snake:1  | 21164 ||| Stepping ~*~*~tactically~*~*~ (hiding).
 21165 | Snake:1  | 21165 ||| Stepping ~*~*~tactically~*~*~ (hiding).
 21168 | Snake:1  | 21168 ||| Stepping ~*~*~tactically~*~*~ (hiding).
 21198 | Snake:1  | 21198 ||| Stepping ~*~*~tactically~*~*~ (stealth).
 21201 | Snake:1  | 21201 ||| Stepping ~*~*~tactically~*~*~ (stealth).
 21232 | Snake:1  | 21232 ||| Stepping ~*~*~tactically~*~*~ (hiding).
 21233 | Snake:1  | 21233 ||| Stepping ~*~*~tactically~*~*~ (hiding).
 21283 | Snake:1  | 21283 ||| INVOKING Heroism.
 21421 | Snake:1  | 21421 ||| DROPPING +0 morningstar.
 21493 | Snake:1  | Found Busuittu's Antique Weapon Emporium.
 21495 | Snake:1  | 21495 ||| Stepping ~*~*~tactically~*~*~ (hiding).
 21526 | Snake:1  | Found Qionogym's Distillery.
 21526 | Snake:1  | Found Suroseng's Weapon Emporium.
 21529 | Snake:1  | Found Cisug's Antique Weapon Shoppe.
 21534 | Snake:1  | 21534 ||| BUYING 2 potions of heal wounds (140 gold).
 21534 | Snake:1  | Bought 2 potions of heal wounds for 140 gold pieces
 21534 | Snake:1  | 21534 ||| SHOPLISTING potion of curing (42 gold, have 37).
 21534 | Snake:1  | 21534 ||| SHOPLISTING potion of mutation (112 gold, have
                  | 37).
 21534 | Snake:1  | 21534 ||| SHOPLISTING potion of resistance (140 gold, have
                  | 37).
 21537 | Snake:1  | 21537 ||| SHOPLISTING glowing morningstar (175 gold, have
                  | 37).
 21540 | Snake:1  | 21540 ||| SHOPLISTING +10 morningstar "Ibet" {flame, rF+
                  | rN+ Will+} (1053 gold, have 37).
 21554 | Snake:1  | 21554 ||| Stepping ~*~*~tactically~*~*~ (stealth).
 21566 | Snake:1  | 21566 ||| Stepping ~*~*~tactically~*~*~ (hiding).
 21567 | Snake:1  | 21567 ||| Stepping ~*~*~tactically~*~*~ (hiding).
 21599 | Snake:1  | Reached skill level 12 in Armour
 21683 | Snake:1  | Noticed Aizul
 21684 | Snake:1  | 21684 ||| INVOKING Heroism.
 21685 | Snake:1  | 21685 ||| INVOKING Finesse.
 21706 | Snake:1  | Killed Aizul
 22016 | Snake:2  | Received a gift from Okawaru
 22061 | Snake:2  | 22061 ||| FLEEEEING.
 22062 | Snake:2  | 22062 ||| FLEEEEING.
 22063 | Snake:2  | 22063 ||| FLEEEEING.
 22064 | Snake:2  | 22064 ||| FLEEEEING.
 22065 | Snake:2  | 22065 ||| FLEEEEING.
 22066 | Snake:2  | 22066 ||| FLEEEEING.
 22067 | Snake:2  | 22067 ||| FLEEEEING.
 22068 | Snake:2  | 22068 ||| FLEEEEING.
 22149 | Snake:2  | Identified the +3 scale mail of Past Mistakes {Contam Fly
                  | rC+ rCorr} (Okawaru gifted it to you on level 2 of the
                  | Snake Pit)
 22149 | Snake:2  | Received a gift from Okawaru
 22155 | Snake:2  | 22155 ||| INVOKING Heroism.
 22301 | Snake:2  | 22301 ||| INVOKING Heroism.
 22309 | Snake:2  | Reached XP level 17. HP: 98/108 MP: 22/24
 22316 | Snake:2  | Reached skill level 13 in Fighting
 22324 | Snake:2  | Noticed Frances
 22325 | Snake:2  | 22325 ||| INVOKING Finesse.
 22358 | Snake:2  | Killed Frances
 22474 | Snake:2  | Found a runed translucent gate.
 22475 | Snake:2  | Identified the ring "Wiol" {Fly rF+ rC+}
 22476 | Snake:2  | Noticed littlecub's ghost (journeyman DsGl)
 22488 | Snake:2  | Identified the ring "Edoicuho" {Will+ MP+9 Dex+3}
 22521 | Snake:2  | Found a runed translucent gate.
 22521 | Snake:2  | Found a runed translucent gate.
 22590 | Snake:2  | Noticed Saint Roka
 22591 | Snake:2  | 22591 ||| Stepping ~*~*~tactically~*~*~ (hiding).
 22592 | Snake:2  | 22592 ||| Stepping ~*~*~tactically~*~*~ (stealth).
 22602 | Snake:2  | 22602 ||| INVOKING Heroism.
 22603 | Snake:2  | 22603 ||| INVOKING Finesse.
 22628 | Snake:2  | Killed Saint Roka
 23304 | Snake:3  | 23304 ||| INVOKING Heroism.
 23486 | Snake:3  | 23486 ||| Stepping ~*~*~tactically~*~*~ (stealth).
 23650 | Snake:3  | Received a gift from Okawaru
 23651 | Snake:3  | Reached skill level 14 in Fighting
 23779 | Snake:3  | 23779 ||| Stepping ~*~*~tactically~*~*~ (stealth).
 23780 | Snake:3  | 23780 ||| INVOKING Heroism.
 23827 | Snake:3  | 23827 ||| Stepping ~*~*~tactically~*~*~ (stealth).
 23836 | Snake:3  | Reached skill level 18 in Shields
 23904 | Snake:3  | 23904 ||| Stepping ~*~*~tactically~*~*~ (hiding).
 24157 | Snake:3  | 24157 ||| PLANNING SWAMP:1-3
 24288 | Swamp:1  | Entered Level 1 of the Swamp
 24305 | Swamp:1  | Identified the +1 leather armour "Zoumnyxo" {rElec Will+
                  | Dex-3}
 24324 | Swamp:1  | Noticed Jorgrun
 24325 | Swamp:1  | 24325 ||| INVOKING Heroism.
 24328 | Swamp:1  | 24328 ||| SWAPPING to +0 antimagic morningstar.
 24344 | Swamp:1  | Killed Jorgrun
 24349 | Swamp:1  | 24349 ||| SWAPPING to +8 vampiric war axe.
 24566 | Swamp:1  | 24566 ||| INVOKING Heroism.
 24621 | Swamp:1  | 24621 ||| Stepping ~*~*~tactically~*~*~ (hiding).
 24625 | Swamp:1  | 24625 ||| Stepping ~*~*~tactically~*~*~ (hiding).
 24626 | Swamp:1  | 24626 ||| INVOKING Heroism.
 24851 | Swamp:1  | 24851 ||| Stepping ~*~*~tactically~*~*~ (hiding).
 24852 | Swamp:1  | 24852 ||| Stepping ~*~*~tactically~*~*~ (hiding).
 24853 | Swamp:1  | 24853 ||| INVOKING Heroism.
 24871 | Swamp:1  | 24871 ||| INVOKING Heroism.
 24972 | Swamp:1  | 24972 ||| DROPPING amulet of the acrobat.
 25013 | Swamp:2  | 25013 ||| INVOKING Heroism.
 25039 | Swamp:2  | 25039 ||| SWAPPING to +0 antimagic morningstar.
 25054 | Swamp:2  | 25054 ||| SWAPPING to +8 vampiric war axe.
 25064 | Swamp:2  | Identified the +2 cloak of the Monk {rElec rC++} (Okawaru
                  | gifted it to you on level 2 of the Swamp)
 25064 | Swamp:2  | Received a gift from Okawaru
 25085 | Swamp:2  | 25085 ||| FLEEEEING.
 25086 | Swamp:2  | 25086 ||| FLEEEEING.
 25087 | Swamp:2  | 25087 ||| STAIRDANCE
 25203 | Swamp:2  | 25203 ||| Stepping ~*~*~tactically~*~*~ (hiding).
 25217 | Swamp:2  | 25217 ||| INVOKING Heroism.
 25305 | Swamp:2  | 25305 ||| Stepping ~*~*~tactically~*~*~ (hiding).
 25340 | Swamp:2  | 25340 ||| INVOKING Heroism.
 25371 | Swamp:2  | Reached XP level 18. HP: 116/116 MP: 25/25
 25371 | Swamp:2  | 25371 ||| DROPPING +0 antimagic morningstar.
 25392 | Swamp:2  | 25392 ||| Stepping ~*~*~tactically~*~*~ (hiding).
 25396 | Swamp:2  | 25396 ||| INVOKING Heroism.
 25451 | Swamp:2  | 25451 ||| INVOKING Heroism.
 25452 | Swamp:2  | 25452 ||| Stepping ~*~*~tactically~*~*~ (hiding).
 25454 | Swamp:2  | 25454 ||| Stepping ~*~*~tactically~*~*~ (hiding).
 25574 | Swamp:2  | 25574 ||| Stepping ~*~*~tactically~*~*~ (hiding).
 25576 | Swamp:2  | 25576 ||| INVOKING Heroism.
 25719 | Swamp:2  | 25719 ||| UPGRADING to +2 cloak of the Monk {rElec rC++}.
 25729 | Swamp:2  | 25729 ||| DROPPING +0 cloak.
 25749 | Swamp:3  | 25749 ||| INVOKING Heroism.
 25767 | Swamp:3  | 25767 ||| Stepping ~*~*~tactically~*~*~ (hiding).
 26018 | Swamp:3  | 26018 ||| INVOKING Heroism.
 26172 | Swamp:3  | 26172 ||| Stepping ~*~*~tactically~*~*~ (hiding).
 26174 | Swamp:3  | 26174 ||| Stepping ~*~*~tactically~*~*~ (hiding).
 26185 | Swamp:3  | 26185 ||| Stepping ~*~*~tactically~*~*~ (cloud).
 26335 | Swamp:3  | 26335 ||| PLANNING SNAKE:4
 26662 | Snake:4  | Entered Level 4 of the Snake Pit
 26737 | Snake:4  | Reached skill level 15 in Fighting
 26741 | Snake:4  | 26741 ||| Stepping ~*~*~tactically~*~*~ (hiding).
 26742 | Snake:4  | 26742 ||| Stepping ~*~*~tactically~*~*~ (hiding).
 26744 | Snake:4  | 26744 ||| INVOKING Heroism.
 27001 | Snake:4  | 27001 ||| Stepping ~*~*~tactically~*~*~ (hiding).
 27131 | Snake:4  | 27131 ||| Stepping ~*~*~tactically~*~*~ (hiding).
 27133 | Snake:4  | 27133 ||| INVOKING Heroism.
 27166 | Snake:4  | Reached skill level 15 in Armour
 27176 | Snake:4  | 27176 ||| INVOKING Heroism.
 27225 | Snake:4  | 27225 ||| Stepping ~*~*~tactically~*~*~ (stealth).
 27227 | Snake:4  | 27227 ||| Stepping ~*~*~tactically~*~*~ (hiding).
 27244 | Snake:4  | 27244 ||| INVOKING Heroism.
 27267 | Snake:4  | 27267 ||| INVOKING Heroism.
 27273 | Snake:4  | Received a gift from Okawaru
 27394 | Snake:4  | Got a serpentine rune of Zot
 27406 | Snake:4  | 27406 ||| INVOKING Heroism.
 27567 | Snake:4  | Found Noplulaf's Tiny Tomes.
 27733 | Snake:4  | Received a gift from Okawaru
 27757 | Snake:4  | 27757 ||| Stepping ~*~*~tactically~*~*~ (hiding).
 27996 | Snake:4  | 27996 ||| PLANNING VAULTS:1-4
 28096 | Snake:4  | 28096 ||| UPGRADING to +1 tower shield of protection.
 28106 | Snake:4  | 28106 ||| DROPPING +0 tower shield.
 28107 | Snake:4  | 28107 ||| UPGRADING to amulet of faith.
 28117 | Snake:4  | 28117 ||| DROPPING ring of ice.
 28332 | Vaults:1 | Entered Level 1 of the Vaults
 28354 | Vaults:1 | Reached skill level 9 in Throwing
 28413 | Vaults:1 | 28413 ||| INVOKING Heroism.
 28528 | Vaults:1 | Received a gift from Okawaru
 28569 | Vaults:1 | 28569 ||| INVOKING Heroism.
 28681 | Vaults:1 | 28681 ||| Stepping ~*~*~tactically~*~*~ (hiding).
 28683 | Vaults:1 | 28683 ||| Stepping ~*~*~tactically~*~*~ (hiding).
 28744 | Vaults:1 | Reached skill level 16 in Fighting
 28768 | Vaults:1 | Reached XP level 19. HP: 125/125 MP: 26/26
 28774 | Vaults:1 | 28774 ||| DRINKING 14 potions of curing.
 28774 | Vaults:1 | 28774 ||| (to cure confusion)
 28786 | Vaults:1 | Received a gift from Okawaru
 28883 | Vaults:1 | 28883 ||| Stepping ~*~*~tactically~*~*~ (stealth).
 28888 | Vaults:1 | 28888 ||| Stepping ~*~*~tactically~*~*~ (stealth).
 29068 | Vaults:1 | Received a gift from Okawaru
 29163 | Vaults:1 | Received a gift from Okawaru
 29173 | Vaults:1 | 29173 ||| READING scroll of enchant armour.
 29173 | Vaults:1 | 29173 ||| ENCHANTING +1 plate armour of fire resistance.
 29310 | Vaults:1 | Reached ****** piety under Okawaru
 29320 | Vaults:1 | Received a gift from Okawaru
 29378 | Vaults:1 | 29378 ||| DROPPING +0 plate armour of willpower.
 29409 | Vaults:2 | Found a portal to a secret trove of treasure.
 29472 | Vaults:2 | 29472 ||| INVOKING Heroism.
 29582 | Vaults:2 | Found a staircase to the Crypt.
 29747 | Vaults:2 | 29747 ||| Stepping ~*~*~tactically~*~*~ (hiding).
 29771 | Vaults:2 | Reached skill level 17 in Fighting
 29836 | Vaults:2 | 29836 ||| Stepping ~*~*~tactically~*~*~ (hiding).
 29838 | Vaults:2 | 29838 ||| Stepping ~*~*~tactically~*~*~ (hiding).
 29842 | Vaults:2 | 29842 ||| INVOKING Heroism.
 29843 | Vaults:2 | 29843 ||| INVOKING Finesse.
 29858 | Vaults:2 | Reached skill level 6 in Dodging
 29941 | Vaults:2 | 29941 ||| Stepping ~*~*~tactically~*~*~ (stealth).
 30001 | Vaults:2 | 30001 ||| Stepping ~*~*~tactically~*~*~ (stealth).
 30122 | Vaults:2 | 30122 ||| DRINKING 14 potions of curing.
 30122 | Vaults:2 | 30122 ||| (to cure confusion)
 30124 | Vaults:2 | Paralysed by a great orb of eyes for 2 turns
 30227 | Vaults:2 | 30227 ||| DRINKING 13 potions of curing.
 30227 | Vaults:2 | 30227 ||| (to cure confusion)
 30258 | Vaults:2 | Identified the +1 hat of Darkness {Regen+ Str-5 Int+4
                  | Dex-4} (Okawaru gifted it to you on level 2 of the Vaults)
 30258 | Vaults:2 | Received a gift from Okawaru
 30808 | Vaults:2 | 30808 ||| Stepping ~*~*~tactically~*~*~ (stealth).
 30810 | Vaults:2 | 30810 ||| Stepping ~*~*~tactically~*~*~ (hiding).
 30815 | Vaults:2 | 30815 ||| Stepping ~*~*~tactically~*~*~ (hiding).
 30816 | Vaults:2 | 30816 ||| Stepping ~*~*~tactically~*~*~ (hiding).
 31014 | Vaults:2 | Found a transporter.
 31015 | Vaults:2 | Found a radiant altar of Vehumet.
 31029 | Vaults:2 | 31029 ||| READING scroll of enchant armour.
 31029 | Vaults:2 | 31029 ||| ENCHANTING +2 plate armour of fire resistance.
 31305 | Vaults:2 | 31305 ||| DROPPING +1 hat of Darkness {Regen+ Str-5 Int+4
                  | Dex-4}.
 31723 | Vaults:3 | 31723 ||| FLEEEEING.
 31724 | Vaults:3 | 31724 ||| FLEEEEING.
 31734 | Vaults:3 | 31734 ||| FLEEEEING.
 31735 | Vaults:3 | 31735 ||| FLEEEEING.
 31736 | Vaults:3 | 31736 ||| STAIRDANCE
 32010 | Vaults:3 | Found Riucon's Armour Shoppe.
 32088 | Vaults:3 | 32088 ||| INVOKING Heroism.
 32175 | Vaults:3 | 32175 ||| Stepping ~*~*~tactically~*~*~ (stealth).
 32176 | Vaults:3 | 32176 ||| Stepping ~*~*~tactically~*~*~ (stealth).
 32438 | Vaults:3 | 32438 ||| Stepping ~*~*~tactically~*~*~ (stealth).
 32454 | Vaults:3 | Reached XP level 20. HP: 134/134 MP: 27/27
 32476 | Vaults:3 | 32476 ||| Stepping ~*~*~tactically~*~*~ (hiding).
 32671 | Vaults:3 | 32671 ||| INVOKING Heroism.
 32728 | Vaults:3 | Identified the +2 robe of the Sixty-Six Prophets {rElec rC+
                  | Int+4 Dex-2}
 32983 | Vaults:4 | Noticed Boris
 32983 | Vaults:4 | 32983 ||| INVOKING Heroism.
 32984 | Vaults:4 | 32984 ||| INVOKING Finesse.
 32987 | Vaults:4 | 32987 ||| DRINKING 13 potions of curing.
 32987 | Vaults:4 | 32987 ||| (to cure confusion)
 33009 | Vaults:4 | Killed Boris
 33009 | Vaults:4 | Identified the +3 broad axe of Saumic {heavy, rC+ rN+
                  | rCorr} (Okawaru gifted it to you on level 4 of the Vaults)
 33009 | Vaults:4 | Received a gift from Okawaru
 33038 | Vaults:4 | 33038 ||| DROPPING +2 broad axe of electrocution.
 33345 | Vaults:4 | 33345 ||| INVOKING Heroism.
 33347 | Vaults:4 | Reached skill level 18 in Fighting
 33424 | Vaults:4 | 33424 ||| READING scroll of enchant weapon.
 33424 | Vaults:4 | 33424 ||| ENCHANTING +8 vampiric war axe.
 33642 | Vaults:4 | 33642 ||| Stepping ~*~*~tactically~*~*~ (hiding).
 33696 | Vaults:4 | 33696 ||| DRINKING 14 potions of curing.
 33696 | Vaults:4 | 33696 ||| (to cure confusion)
 33747 | Vaults:4 | 33747 ||| INVOKING Heroism.
 33748 | Vaults:4 | 33748 ||| INVOKING Finesse.
 33787 | Vaults:4 | Received a gift from Okawaru
 33802 | Vaults:4 | 33802 ||| Stepping ~*~*~tactically~*~*~ (hiding).
 33850 | Vaults:4 | Received a gift from Okawaru
 34106 | Vaults:4 | Found Vutesk's Weapon Shoppe.
 34110 | Vaults:4 | Identified the +9 scale mail "Medwits" {Rampage Int+2}
 34236 | Vaults:4 | Paralysed by a sphinx for 4 turns
 34284 | Vaults:4 | 34284 ||| PLANNING SWAMP:4
 34638 | Swamp:4  | Entered Level 4 of the Swamp
 34652 | Swamp:4  | Reached skill level 18 in Armour
 34660 | Swamp:4  | 34660 ||| INVOKING Heroism.
 34661 | Swamp:4  | 34661 ||| INVOKING Finesse.
 34717 | Swamp:4  | 34717 ||| READING scroll of enchant armour.
 34717 | Swamp:4  | 34717 ||| ENCHANTING +3 plate armour of fire resistance.
 34795 | Swamp:4  | 34795 ||| READING scroll of enchant armour.
 34795 | Swamp:4  | 34795 ||| ENCHANTING +4 plate armour of fire resistance.
 34923 | Swamp:4  | 34923 ||| Stepping ~*~*~tactically~*~*~ (hiding).
 35114 | Swamp:4  | 35114 ||| INVOKING Heroism.
 35116 | Swamp:4  | Paralysed by a fenstrider witch for 2 turns
 35135 | Swamp:4  | Received a gift from Okawaru
 35398 | Swamp:4  | 35398 ||| Stepping ~*~*~tactically~*~*~ (hiding).
 35502 | Swamp:4  | 35502 ||| Stepping ~*~*~tactically~*~*~ (hiding).
 35605 | Swamp:4  | 35605 ||| Stepping ~*~*~tactically~*~*~ (hiding).
 35606 | Swamp:4  | 35606 ||| Stepping ~*~*~tactically~*~*~ (hiding).
 35621 | Swamp:4  | 35621 ||| Stepping ~*~*~tactically~*~*~ (hiding).
 35622 | Swamp:4  | 35622 ||| Stepping ~*~*~tactically~*~*~ (hiding).
 35624 | Swamp:4  | 35624 ||| Stepping ~*~*~tactically~*~*~ (hiding).
 35635 | Swamp:4  | Received a gift from Okawaru
 35641 | Swamp:4  | 35641 ||| Stepping ~*~*~tactically~*~*~ (stealth).
 35725 | Swamp:4  | 35725 ||| Stepping ~*~*~tactically~*~*~ (stealth).
 35746 | Swamp:4  | Received a gift from Okawaru
 35855 | Swamp:4  | Received a gift from Okawaru
 35867 | Swamp:4  | 35867 ||| Stepping ~*~*~tactically~*~*~ (hiding).
 35873 | Swamp:4  | Found a blossoming altar of Fedhas.
 35874 | Swamp:4  | 35874 ||| INVOKING Heroism.
 35875 | Swamp:4  | 35875 ||| INVOKING Finesse.
 35890 | Swamp:4  | Reached XP level 21. HP: 143/143 MP: 21/28
 35894 | Swamp:4  | Reached skill level 19 in Fighting
 35895 | Swamp:4  | 35895 ||| FLEEEEING.
 35896 | Swamp:4  | 35896 ||| FLEEEEING.
 35897 | Swamp:4  | 35897 ||| FLEEEEING.
 36033 | Swamp:4  | 36033 ||| INVOKING Heroism.
 36034 | Swamp:4  | 36034 ||| INVOKING Finesse.
 36040 | Swamp:4  | 36040 ||| DROPPING +2 chain mail of cold resistance.
 36048 | Swamp:4  | 36048 ||| DRINKING 2 potions of cancellation.
 36189 | Swamp:4  | Got a decaying rune of Zot
 36213 | Swamp:4  | Found a basalt altar of Yredelemnul.
 36469 | Swamp:4  | 36469 ||| PLANNING DEPTHS
 36734 | Depths:1 | Entered Level 1 of the Depths
 36765 | Depths:1 | Found a one-way gate to the infinite horrors of the Abyss.
 36837 | Depths:1 | Found a gateway to Hell.
 37057 | Depths:1 | 37057 ||| Stepping ~*~*~tactically~*~*~ (hiding).
 37059 | Depths:1 | 37059 ||| Stepping ~*~*~tactically~*~*~ (hiding).
 37063 | Depths:1 | 37063 ||| INVOKING Heroism.
 37070 | Depths:1 | 37070 ||| INVOKING Finesse.
 37148 | Depths:1 | 37148 ||| INVOKING Finesse.
 37249 | Depths:1 | Noticed the Enchantress
 37250 | Depths:1 | 37250 ||| Stepping ~*~*~tactically~*~*~ (stealth).
 37252 | Depths:1 | 37252 ||| Stepping ~*~*~tactically~*~*~ (stealth).
 37269 | Depths:1 | 37269 ||| INVOKING Heroism.
 37270 | Depths:1 | 37270 ||| INVOKING Finesse.
 37275 | Depths:1 | 37275 ||| Stepping ~*~*~tactically~*~*~ (hiding).
 37300 | Depths:1 | Killed the Enchantress
 37313 | Depths:1 | Received a gift from Okawaru
 37424 | Depths:1 | Found a one-way gate leading to the halls of Pandemonium.
 37438 | Depths:1 | 37438 ||| INVOKING Heroism.
 37566 | Depths:1 | 37566 ||| Stepping ~*~*~tactically~*~*~ (hiding).
 37709 | Depths:1 | Found a one-way gateway to a ziggurat.
 37713 | Depths:1 | 37713 ||| Stepping ~*~*~tactically~*~*~ (stealth).
 37715 | Depths:1 | 37715 ||| Stepping ~*~*~tactically~*~*~ (hiding).
 37720 | Depths:1 | 37720 ||| INVOKING Heroism.
 37750 | Depths:1 | Received a gift from Okawaru
 37872 | Depths:1 | 37872 ||| Stepping ~*~*~tactically~*~*~ (hiding).
 37875 | Depths:1 | 37875 ||| Stepping ~*~*~tactically~*~*~ (hiding).
 37877 | Depths:1 | 37877 ||| INVOKING Finesse.
 37880 | Depths:1 | 37880 ||| INVOKING Heroism.
 37950 | Depths:1 | Received a gift from Okawaru
 37983 | Depths:1 | Found a runed translucent door.
 37987 | Depths:1 | Found a radiant altar of Vehumet.
 37987 | Depths:1 | Noticed an ancient lich
 38032 | Depths:1 | 38032 ||| INVOKING Heroism.
 38033 | Depths:1 | 38033 ||| INVOKING Finesse.
 38078 | Depths:1 | 38078 ||| INVOKING Heroism.
 38201 | Depths:1 | 38201 ||| INVOKING Heroism.
 38213 | Depths:1 | Received a gift from Okawaru
 38336 | Depths:1 | 38336 ||| DROPPING ring of ice.
 38408 | Depths:2 | Noticed Sojobo
 38409 | Depths:2 | 38409 ||| INVOKING Heroism.
 38434 | Depths:2 | Killed Sojobo
 38449 | Depths:2 | Noticed Boris
 38450 | Depths:2 | 38450 ||| INVOKING Heroism.
 38471 | Depths:2 | Killed Boris
 38525 | Depths:2 | Found a corrupted altar of Lugonu.
 38625 | Depths:2 | 38625 ||| Stepping ~*~*~tactically~*~*~ (stealth).
 38628 | Depths:2 | 38628 ||| Stepping ~*~*~tactically~*~*~ (hiding).
 38642 | Depths:2 | Received a gift from Okawaru
 38643 | Depths:2 | Reached skill level 20 in Fighting
 38730 | Depths:2 | 38730 ||| DRINKING 14 potions of curing.
 38730 | Depths:2 | 38730 ||| (to cure confusion)
 38736 | Depths:2 | Paralysed by a sphinx for 4 turns
 38740 | Depths:2 | 38740 ||| INVOKING Heroism.
 38758 | Depths:2 | HP: 33/146 [living spell/divine providence[a walking divine
                  | tome] (12)]
 38759 | Depths:2 | 38759 ||| READING 20 scrolls of teleportation.
 38759 | Depths:2 | HP: 4/146 [living spell/divine providence[a walking divine
                  | tome] (13)]
 38760 | Depths:2 | 38760 ||| DRINKING 10 potions of heal wounds.
 39033 | Depths:2 | 39033 ||| Stepping ~*~*~tactically~*~*~ (hiding).
 39054 | Depths:2 | 39054 ||| INVOKING Heroism.
 39082 | Depths:2 | 39082 ||| DRINKING 13 potions of curing.
 39082 | Depths:2 | 39082 ||| (to cure confusion)
 39082 | Depths:2 | Paralysed by a sphinx for 2 turns
 39092 | Depths:2 | 39092 ||| INVOKING Finesse.
 39098 | Depths:2 | Reached XP level 22. HP: 138/152 MP: 23/29
 39105 | Depths:2 | Noticed Bai Suzhen
 39108 | Depths:2 | 39108 ||| Stepping ~*~*~tactically~*~*~ (hiding).
 39112 | Depths:2 | Killed Bai Suzhen
 39159 | Depths:2 | Noticed a golden dragon
 39160 | Depths:2 | 39160 ||| INVOKING Heroism.
 39181 | Depths:2 | Killed a golden dragon
 39201 | Depths:2 | 39201 ||| Stepping ~*~*~tactically~*~*~ (stealth).
 39202 | Depths:2 | 39202 ||| Stepping ~*~*~tactically~*~*~ (stealth).
 39203 | Depths:2 | 39203 ||| Stepping ~*~*~tactically~*~*~ (stealth).
 39204 | Depths:2 | 39204 ||| Stepping ~*~*~tactically~*~*~ (stealth).
 39215 | Depths:2 | 39215 ||| INVOKING Heroism.
 39235 | Depths:2 | 39235 ||| Stepping ~*~*~tactically~*~*~ (stealth).
 39238 | Depths:2 | 39238 ||| Stepping ~*~*~tactically~*~*~ (stealth).
 39240 | Depths:2 | 39240 ||| FLEEEEING.
 39241 | Depths:2 | 39241 ||| FLEEEEING.
 39242 | Depths:2 | 39242 ||| FLEEEEING.
 39243 | Depths:2 | 39243 ||| FLEEEEING.
 39244 | Depths:2 | 39244 ||| FLEEEEING.
 39245 | Depths:2 | 39245 ||| FLEEEEING.
 39246 | Depths:2 | 39246 ||| FLEEEEING.
 39247 | Depths:2 | 39247 ||| FLEEEEING.
 39251 | Depths:2 | 39251 ||| FLEEEEING.
 39252 | Depths:2 | 39252 ||| FLEEEEING.
 39253 | Depths:2 | 39253 ||| FLEEEEING.
 39254 | Depths:2 | 39254 ||| FLEEEEING.
 39255 | Depths:2 | 39255 ||| FLEEEEING.
 39256 | Depths:2 | 39256 ||| FLEEEEING.
 39257 | Depths:2 | 39257 ||| FLEEEEING.
 39262 | Depths:2 | Paralysed by a vampire knight for 3 turns
 39403 | Depths:2 | 39403 ||| Stepping ~*~*~tactically~*~*~ (stealth).
 39437 | Depths:2 | Found a sacrificial altar of Ru.
 39507 | Depths:2 | Identified the +0 pair of gloves of Koop {rF+ rCorr}
 39574 | Depths:2 | 39574 ||| DROPPING +1 hat.
 39575 | Depths:2 | 39575 ||| DROPPING +3 plate armour.
 39576 | Depths:2 | 39576 ||| DROPPING +2 plate armour of poison resistance.
 39577 | Depths:2 | 39577 ||| UPGRADING to +0 pair of gloves of Koop {rF+
                  | rCorr}.
 39587 | Depths:2 | 39587 ||| DROPPING ring of willpower.
 39648 | Depths:3 | Received a gift from Okawaru
 39683 | Depths:3 | 39683 ||| Stepping ~*~*~tactically~*~*~ (hiding).
 39779 | Depths:3 | 39779 ||| Stepping ~*~*~tactically~*~*~ (hiding).
 39800 | Depths:3 | 39800 ||| Stepping ~*~*~tactically~*~*~ (hiding).
 39804 | Depths:3 | 39804 ||| INVOKING Heroism.
 39805 | Depths:3 | 39805 ||| INVOKING Finesse.
 39902 | Depths:3 | 39902 ||| INVOKING Heroism.
 40175 | Depths:3 | Found a stormy altar of Qazlal.
 40205 | Depths:3 | 40205 ||| Stepping ~*~*~tactically~*~*~ (hiding).
 40314 | Depths:3 | Received a gift from Okawaru
 40330 | Depths:3 | Reached skill level 21 in Shields
 40395 | Depths:3 | 40395 ||| Stepping ~*~*~tactically~*~*~ (hiding).
 40409 | Depths:3 | 40409 ||| Stepping ~*~*~tactically~*~*~ (stealth).
 40410 | Depths:3 | 40410 ||| Stepping ~*~*~tactically~*~*~ (stealth).
 40411 | Depths:3 | 40411 ||| Stepping ~*~*~tactically~*~*~ (stealth).
 40427 | Depths:3 | 40427 ||| INVOKING Heroism.
 40428 | Depths:3 | 40428 ||| INVOKING Finesse.
 40453 | Depths:3 | Noticed a golden dragon
 40454 | Depths:3 | 40454 ||| Stepping ~*~*~tactically~*~*~ (stealth).
 40490 | Depths:3 | 40490 ||| Stepping ~*~*~tactically~*~*~ (stealth).
 40522 | Depths:3 | 40522 ||| INVOKING Heroism.
 40530 | Depths:3 | Received a gift from Okawaru
 40541 | Depths:3 | Killed a golden dragon
 40753 | Depths:3 | 40753 ||| DROPPING amulet of magic regeneration.
 40792 | Depths:4 | Entered Level 4 of the Depths
 40802 | Depths:4 | 40802 ||| INVOKING Heroism.
 40851 | Depths:4 | 40851 ||| INVOKING Heroism.
 40877 | Depths:4 | Identified the +1 sling "Hoomnid" {drain, rF++ Dex-4}
 40885 | Depths:4 | Identified the ring of Wishful Thinking {rPois rN+ Str-4
                  | Stlth+}
 40984 | Depths:4 | 40984 ||| FLEEEEING.
 40996 | Depths:4 | 40996 ||| FLEEEEING.
 40999 | Depths:4 | 40999 ||| STAIRDANCE
 41103 | Depths:4 | 41103 ||| INVOKING Heroism.
 41105 | Depths:4 | Noticed a golden dragon
 41113 | Depths:4 | Noticed a golden dragon
 41131 | Depths:4 | Killed a golden dragon
 41132 | Depths:4 | Reached skill level 21 in Fighting
 41132 | Depths:4 | 41132 ||| INVOKING Heroism.
 41140 | Depths:4 | Killed a golden dragon
 41428 | Depths:4 | 41428 ||| Stepping ~*~*~tactically~*~*~ (hiding).
 41434 | Depths:4 | 41434 ||| INVOKING Heroism.
 41502 | Depths:4 | Found a gate to the Realm of Zot.
 41632 | Depths:4 | 41632 ||| PLANNING VAULTS:5
 41906 | Vaults:5 | Entered Level 5 of the Vaults
 41909 | Vaults:5 | Noticed a dread lich
 41910 | Vaults:5 | 41910 ||| INVOKING Heroism.
 41920 | Vaults:5 | 41920 ||| INVOKING Finesse.
 41936 | Vaults:5 | Reached skill level 12 in Throwing
 41936 | Vaults:5 | Received a gift from Okawaru
 41940 | Vaults:5 | Killed a dread lich
 41940 | Vaults:5 | Received a gift from Okawaru
 41967 | Vaults:5 | Identified the +5 helmet "Unwioj" {Stlth+} (Okawaru gifted
                  | it to you on level 5 of the Vaults)
 41967 | Vaults:5 | Received a gift from Okawaru
 41977 | Vaults:5 | 41977 ||| INVOKING Heroism.
 41978 | Vaults:5 | Noticed a dread lich
 42003 | Vaults:5 | Killed a dread lich
 42004 | Vaults:5 | Reached XP level 23. HP: 140/160 MP: 28/30
 42011 | Vaults:5 | 42011 ||| DRINKING 6 potions of resistance.
 42015 | Vaults:5 | Reached skill level 21 in Armour
 42036 | Abyss:3  | Found a corrupted altar of Lugonu.
 42036 | Abyss:3  | Cast into level 3 of the Abyss (a deep elf demonologist)
 42090 | Abyss:4  | Found a corrupted altar of Lugonu.
 42187 | Abyss:4  | 42187 ||| Stepping ~*~*~tactically~*~*~ (hiding).
 42188 | Abyss:4  | 42188 ||| Stepping ~*~*~tactically~*~*~ (hiding).
 42213 | Abyss:4  | Gained mutation: You are occasionally teleported next to
                  | monsters. [a neqoxec]
 42215 | Abyss:4  | Gained mutation: Your mind is acute. (Int +4, Str/Dex -1)
                  | [a neqoxec]
 42222 | Abyss:4  | 42222 ||| DRINKING 6 potions of mutation.
 42222 | Abyss:4  | Lost mutation: You are covered in fur. (AC +1) [potion of
                  | mutation]
 42222 | Abyss:4  | Lost mutation: Your mind is acute. (Int +4, Str/Dex -1)
                  | [potion of mutation]
 42222 | Abyss:4  | Lost mutation: You are agile. (Dex +4, Str/Int -1) [potion
                  | of mutation]
 42222 | Abyss:4  | Gained mutation: Your mind is acute. (Int +4, Str/Dex -1)
                  | [potion of mutation]
 42223 | Abyss:4  | 42223 ||| DRINKING 5 potions of mutation.
 42223 | Abyss:4  | Lost mutation: You are partially covered in iridescent
                  | scales. (AC +2) [potion of mutation]
 42223 | Abyss:4  | Lost mutation: Your mind is acute. (Int +4, Str/Dex -1)
                  | [potion of mutation]
 42223 | Abyss:4  | Lost mutation: You are occasionally teleported next to
                  | monsters. [potion of mutation]
 42223 | Abyss:4  | Gained mutation: You are frail. (-10% HP) [potion of
                  | mutation]
 42223 | Abyss:4  | Gained mutation: Your muscles are strong. (Str +4, Int/Dex
                  | -1) [potion of mutation]
 42223 | Abyss:4  | Gained mutation: You are dopey. (Int -2) [potion of
                  | mutation]
 42223 | Abyss:4  | Gained mutation: You have very sharp teeth. [potion of
                  | mutation]
 42224 | Abyss:4  | 42224 ||| DRINKING 4 potions of mutation.
 42224 | Abyss:4  | Lost mutation: You are dopey. (Int -2) [potion of mutation]
 42224 | Abyss:4  | Lost mutation: You have very sharp teeth. [potion of
                  | mutation]
 42224 | Abyss:4  | Gained mutation: Your magical capacity is low. (-10% MP)
                  | [potion of mutation]
 42224 | Abyss:4  | Gained mutation: You are somewhat resistant to further
                  | mutation. [potion of mutation]
 42224 | Abyss:4  | Gained mutation: Your flesh is heat resistant. (rF+)
                  | [potion of mutation]
 42224 | Abyss:4  | Gained mutation: Your flesh is very heat resistant. (rF++)
                  | [potion of mutation]
 42225 | Abyss:4  | 42225 ||| DRINKING 3 potions of mutation.
 42225 | Abyss:4  | Lost mutation: Your flesh is very heat resistant. (rF++)
                  | [potion of mutation]
 42225 | Abyss:4  | Lost mutation: You are frail. (-10% HP) [potion of
                  | mutation]
 42225 | Abyss:4  | Lost mutation: Your flesh is heat resistant. (rF+) [potion
                  | of mutation]
 42225 | Abyss:4  | Gained mutation: You expend magic power (3 MP) to
                  | strengthen your wands. [potion of mutation]
 42233 | Abyss:4  | 42233 ||| DRINKING 13 potions of curing.
 42233 | Abyss:4  | 42233 ||| (to cure confusion)
 42235 | Abyss:4  | 42235 ||| DRINKING 12 potions of curing.
 42235 | Abyss:4  | 42235 ||| (to cure confusion)
 42240 | Abyss:4  | 42240 ||| DRINKING 11 potions of curing.
 42240 | Abyss:4  | 42240 ||| (to cure confusion)
 42242 | Abyss:4  | 42242 ||| DRINKING 10 potions of curing.
 42242 | Abyss:4  | 42242 ||| (to cure confusion)
 42251 | Abyss:4  | 42251 ||| DRINKING 9 potions of curing.
 42251 | Abyss:4  | 42251 ||| (to cure confusion)
 42284 | Abyss:4  | 42284 ||| Stepping ~*~*~tactically~*~*~ (hiding).
 42286 | Abyss:4  | 42286 ||| Stepping ~*~*~tactically~*~*~ (stealth).
 42321 | Abyss:4  | 42321 ||| Stepping ~*~*~tactically~*~*~ (hiding).
 42322 | Abyss:4  | 42322 ||| Stepping ~*~*~tactically~*~*~ (hiding).
 42353 | Abyss:4  | 42353 ||| Stepping ~*~*~tactically~*~*~ (cloud).
 42354 | Abyss:4  | 42354 ||| Stepping ~*~*~tactically~*~*~ (hiding).
 42355 | Abyss:4  | 42355 ||| Stepping ~*~*~tactically~*~*~ (hiding).
 42375 | Abyss:4  | Reached skill level 22 in Fighting
 42383 | Abyss:4  | 42383 ||| Stepping ~*~*~tactically~*~*~ (hiding).
 42402 | Vaults:5 | Escaped the Abyss
 42403 | Vaults:5 | 42403 ||| INVOKING Heroism.
 42411 | Vaults:5 | 42411 ||| INVOKING Finesse.
 42427 | Vaults:5 | 42427 ||| INVOKING Heroism.
 42505 | Vaults:5 | 42505 ||| INVOKING Heroism.
 42554 | Vaults:5 | 42554 ||| Stepping ~*~*~tactically~*~*~ (hiding).
 42556 | Vaults:5 | 42556 ||| Stepping ~*~*~tactically~*~*~ (hiding).
 42643 | Vaults:5 | 42643 ||| INVOKING Heroism.
 42692 | Vaults:5 | 42692 ||| INVOKING Finesse.
 42724 | Vaults:5 | Identified the +3 leather armour of Vitym {Int+6}
 42729 | Vaults:5 | Identified the +10 dagger of Teise {freeze, Int+4 Dex+3}
 42729 | Vaults:5 | Identified the ring of Kojun {rElec Str+6 Stlth+}
 42730 | Vaults:5 | 42730 ||| INVOKING Heroism.
 42750 | Vaults:5 | Received a gift from Okawaru
 42763 | Vaults:5 | 42763 ||| Stepping ~*~*~tactically~*~*~ (stealth).
 42778 | Vaults:5 | 42778 ||| Stepping ~*~*~tactically~*~*~ (hiding).
 42809 | Vaults:5 | 42809 ||| Stepping ~*~*~tactically~*~*~ (stealth).
 42811 | Vaults:5 | 42811 ||| INVOKING Heroism.
 42817 | Vaults:5 | Noticed a golden dragon
 42834 | Vaults:5 | Killed a golden dragon
 42834 | Vaults:5 | Received a gift from Okawaru
 42835 | Vaults:5 | 42835 ||| INVOKING Finesse.
 42975 | Vaults:5 | 42975 ||| Stepping ~*~*~tactically~*~*~ (hiding).
 42976 | Vaults:5 | 42976 ||| Stepping ~*~*~tactically~*~*~ (hiding).
 42980 | Vaults:5 | 42980 ||| INVOKING Heroism.
 43038 | Vaults:5 | 43038 ||| INVOKING Heroism.
 43121 | Vaults:5 | 43121 ||| Stepping ~*~*~tactically~*~*~ (hiding).
 43135 | Vaults:5 | Identified the +4 scimitar "Xuipud" {venom, Int+2}
 43140 | Vaults:5 | 43140 ||| FLEEEEING.
 43144 | Vaults:5 | 43144 ||| Stepping ~*~*~tactically~*~*~ (hiding).
 43150 | Vaults:5 | 43150 ||| DRINKING 8 potions of curing.
 43150 | Vaults:5 | 43150 ||| (to cure confusion)
 43151 | Vaults:5 | Received a gift from Okawaru
 43243 | Vaults:5 | 43243 ||| INVOKING Heroism.
 43245 | Vaults:5 | 43245 ||| Stepping ~*~*~tactically~*~*~ (hiding).
 43282 | Vaults:5 | 43282 ||| INVOKING Heroism.
 43285 | Vaults:5 | 43285 ||| FLEEEEING.
 43285 | Vaults:5 | Identified the ring of Qazlal's Approval {rF+ rCorr Int+3
                  | SInv}
 43286 | Vaults:5 | 43286 ||| FLEEEEING.
 43287 | Vaults:5 | 43287 ||| FLEEEEING.
 43288 | Vaults:5 | 43288 ||| FLEEEEING.
 43337 | Vaults:5 | 43337 ||| FLEEEEING.
 43358 | Vaults:5 | 43358 ||| FLEEEEING.
 43359 | Vaults:5 | 43359 ||| FLEEEEING.
 43366 | Vaults:5 | 43366 ||| FLEEEEING.
 43367 | Vaults:5 | 43367 ||| FLEEEEING.
 43368 | Vaults:5 | 43368 ||| FLEEEEING.
 43370 | Vaults:5 | 43370 ||| FLEEEEING.
 43371 | Vaults:5 | 43371 ||| FLEEEEING.
 43372 | Vaults:5 | 43372 ||| FLEEEEING.
 43373 | Vaults:5 | 43373 ||| FLEEEEING.
 43374 | Vaults:5 | 43374 ||| FLEEEEING.
 43375 | Vaults:5 | 43375 ||| FLEEEEING.
 43376 | Vaults:5 | 43376 ||| FLEEEEING.
 43377 | Vaults:5 | 43377 ||| FLEEEEING.
 43383 | Vaults:5 | 43383 ||| FLEEEEING.
 43384 | Vaults:5 | 43384 ||| FLEEEEING.
 43386 | Vaults:5 | 43386 ||| STAIRDANCE
 43541 | Vaults:4 | 43541 ||| UPGRADING to +5 helmet "Unwioj" {Stlth+}.
 43551 | Vaults:4 | 43551 ||| DROPPING +2 helmet.
 43632 | Vaults:5 | 43632 ||| Stepping ~*~*~tactically~*~*~ (hiding).
 43639 | Vaults:5 | 43639 ||| INVOKING Heroism.
 43661 | Vaults:5 | Received a gift from Okawaru
 43676 | Vaults:5 | 43676 ||| Stepping ~*~*~tactically~*~*~ (hiding).
 43701 | Vaults:5 | Got a silver rune of Zot
 43702 | Vaults:5 | Identified the amulet "Widdec" {+Blink rF+ Regen+ Str-2
                  | Slay+2}
 43712 | Vaults:5 | Identified the +3 robe of Pathos {+Inv rF++ Int+2 Dex-2}
 43861 | Vaults:5 | Identified the +0 chain mail of Patterns {rF+ rCorr Str+3}
 43863 | Vaults:5 | Identified the staff of earth "Neere" {rElec rC+ rN+++
                  | MP-9}
 43880 | Vaults:5 | 43880 ||| READING scroll of enchant armour.
 43880 | Vaults:5 | 43880 ||| ENCHANTING +5 plate armour of fire resistance.
 44124 | Vaults:5 | 44124 ||| PLANNING SHOPPING SPREE
 44124 | Vaults:5 | 44124 ||| DROPPING +0 crystal plate armour.
 44125 | Vaults:5 | 44125 ||| DROPPING amulet of reflection.
 44126 | Vaults:5 | 44126 ||| UPGRADING to ring of Qazlal's Approval {rF+ rCorr
                  | Int+3 SInv}.
 44128 | Vaults:5 | 44128 ||| UPGRADING to +2 pair of gloves.
 44138 | Vaults:5 | 44138 ||| DROPPING ring of see invisible.
 44467 | Snake:1  | 44467 ||| BUYING potion of curing (42 gold).
 44467 | Snake:1  | Bought a potion of curing for 42 gold pieces
 44467 | Snake:1  | 44467 ||| BUYING potion of curing (42 gold).
 44467 | Snake:1  | Bought a potion of curing for 42 gold pieces
 44467 | Snake:1  | 44467 ||| BUYING potion of mutation (112 gold).
 44467 | Snake:1  | Bought a potion of mutation for 112 gold pieces
 44467 | Snake:1  | 44467 ||| BUYING potion of resistance (140 gold).
 44467 | Snake:1  | Bought a potion of resistance for 140 gold pieces
 44696 | D:7      | 44696 ||| BUYING scroll of enchant weapon (157 gold).
 44696 | D:7      | Bought a scroll of enchant weapon for 157 gold pieces
 45052 | D:9      | 45052 ||| BUYING pair of embroidered gloves (195 gold).
 45052 | D:9      | Bought a pair of embroidered gloves for 195 gold pieces
 45052 | D:9      | 45052 ||| BUYING runed scarf (208 gold).
 45052 | D:9      | Bought a runed scarf for 208 gold pieces
 45052 | D:9      | 45052 ||| DROPPING +0 pair of gloves of infusion.
 45053 | D:9      | 45053 ||| DROPPING scarf of invisibility.
 45116 | D:7      | 45116 ||| BUYING +4 ring of slaying (936 gold).
 45116 | D:7      | Bought a +4 ring of slaying for 936 gold pieces
 45116 | D:7      | 45116 ||| BUYING +5 ring of evasion (432 gold).
 45116 | D:7      | Bought a +5 ring of evasion for 432 gold pieces
 45116 | D:7      | 45116 ||| DROPPING +6 ring of strength.
 45117 | D:7      | 45117 ||| DROPPING +4 ring of slaying {mikee}.
 45118 | D:7      | 45118 ||| CLEARING SHOPPING LIST
 45118 | D:7      | 45118 ||| PLANNING ZOT:1-4
 45396 | Zot:1    | Entered Level 1 of the Realm of Zot
 45414 | Zot:1    | 45414 ||| READING scroll of enchant armour.
 45414 | Zot:1    | 45414 ||| ENCHANTING +6 plate armour of fire resistance.
 45567 | Zot:1    | Received a gift from Okawaru
 45606 | Zot:1    | 45606 ||| Stepping ~*~*~tactically~*~*~ (hiding).
 45664 | Zot:1    | 45664 ||| Stepping ~*~*~tactically~*~*~ (cloud).
 45690 | Zot:1    | Noticed a golden dragon
 45691 | Zot:1    | 45691 ||| Stepping ~*~*~tactically~*~*~ (stealth).
 45693 | Zot:1    | 45693 ||| Stepping ~*~*~tactically~*~*~ (hiding).
 45697 | Zot:1    | 45697 ||| Stepping ~*~*~tactically~*~*~ (stealth).
 45698 | Zot:1    | 45698 ||| INVOKING Heroism.
 45710 | Zot:1    | Killed a golden dragon
 45749 | Zot:1    | 45749 ||| INVOKING Heroism.
 45751 | Zot:1    | Reached XP level 24. HP: 160/168 MP: 25/27
 45783 | Zot:1    | 45783 ||| Stepping ~*~*~tactically~*~*~ (stealth).
 45836 | Zot:1    | 45836 ||| Stepping ~*~*~tactically~*~*~ (stealth).
 45896 | Zot:1    | 45896 ||| Stepping ~*~*~tactically~*~*~ (hiding).
 45897 | Zot:1    | 45897 ||| Stepping ~*~*~tactically~*~*~ (hiding).
 45915 | Zot:1    | 45915 ||| INVOKING Heroism.
 45962 | Zot:1    | Received a gift from Okawaru
 46074 | Zot:1    | Noticed Parghit
 46075 | Zot:1    | 46075 ||| INVOKING Heroism.
 46076 | Zot:1    | 46076 ||| INVOKING Finesse.
 46109 | Zot:1    | Reached skill level 23 in Fighting
 46127 | Zot:1    | Killed Parghit
 46198 | Zot:1    | Received a gift from Okawaru
 46215 | Zot:1    | 46215 ||| DROPPING +0 heavy war axe.
 46475 | Zot:1    | 46475 ||| UPGRADING to +6 gold dragon scales.
 46485 | Zot:1    | 46485 ||| DROPPING +2 helmet.
 46486 | Zot:1    | 46486 ||| DROPPING +6 faerie dragon scales {Fly rC++ rCorr
                  | Int-4 SInv}.
 46487 | Zot:1    | 46487 ||| DROPPING +7 plate armour of fire resistance.
 46488 | Zot:1    | 46488 ||| DROPPING +0 gold dragon scales.
 46489 | Zot:1    | 46489 ||| UPGRADING to +0 pair of gloves of Koop {rF+
                  | rCorr}.
 46503 | Zot:2    | 46503 ||| INVOKING Heroism.
 46878 | Zot:2    | 46878 ||| Stepping ~*~*~tactically~*~*~ (hiding).
 46880 | Zot:2    | 46880 ||| Stepping ~*~*~tactically~*~*~ (hiding).
 46881 | Zot:2    | 46881 ||| Stepping ~*~*~tactically~*~*~ (hiding).
 46882 | Zot:2    | 46882 ||| Stepping ~*~*~tactically~*~*~ (hiding).
 46884 | Zot:2    | 46884 ||| Stepping ~*~*~tactically~*~*~ (hiding).
 46909 | Zot:2    | 46909 ||| Stepping ~*~*~tactically~*~*~ (hiding).
 46910 | Zot:2    | 46910 ||| Stepping ~*~*~tactically~*~*~ (hiding).
 46911 | Zot:2    | 46911 ||| Stepping ~*~*~tactically~*~*~ (hiding).
 46913 | Zot:2    | 46913 ||| INVOKING Heroism.
 46932 | Zot:2    | Noticed a curse toe
 46950 | Zot:2    | 46950 ||| INVOKING Heroism.
 46952 | Zot:2    | HP: 39/171 [green draconian monk (17)]
 46953 | Zot:2    | 46953 ||| READING 24 scrolls of teleportation.
 46953 | Zot:2    | HP: 13/171 [green draconian monk (9)]
 46954 | Zot:2    | 46954 ||| DRINKING 10 potions of heal wounds.
 46955 | Zot:2    | 46955 ||| DRINKING 9 potions of heal wounds.
 46986 | Zot:2    | 46986 ||| INVOKING Heroism.
 46995 | Zot:2    | Received a gift from Okawaru
 47008 | Zot:2    | Killed a curse toe
 47181 | Zot:2    | 47181 ||| Stepping ~*~*~tactically~*~*~ (hiding).
 47269 | Zot:2    | Noticed a curse toe
 47271 | Zot:2    | 47271 ||| INVOKING Heroism.
 47271 | Zot:2    | Noticed a curse toe
 47294 | Zot:2    | HP: 40/168 [??? (10)]
 47295 | Zot:2    | 47295 ||| READING 23 scrolls of teleportation.
 47296 | Zot:2    | 47296 ||| DRINKING 8 potions of heal wounds.
 47298 | Zot:2    | Received a gift from Okawaru
 47305 | Zot:2    | Killed a curse toe
 47641 | Zot:2    | 47641 ||| INVOKING Heroism.
 47654 | Zot:2    | Reached skill level 24 in Fighting
 47655 | Zot:2    | Noticed an orb of fire
 47666 | Zot:2    | Gained mutation: You have a somewhat thin skeletal
                  | structure. (Dex +2, Stealth+) [an orb of fire]
 47682 | Zot:2    | Killed an orb of fire
 47706 | Zot:2    | Received a gift from Okawaru
 47815 | Zot:2    | 47815 ||| Stepping ~*~*~tactically~*~*~ (stealth).
 47816 | Zot:2    | 47816 ||| Stepping ~*~*~tactically~*~*~ (stealth).
 47955 | Zot:2    | 47955 ||| Stepping ~*~*~tactically~*~*~ (stealth).
 47966 | Zot:2    | 47966 ||| Stepping ~*~*~tactically~*~*~ (hiding).
 47967 | Zot:2    | 47967 ||| INVOKING Heroism.
 48019 | Zot:2    | 48019 ||| Stepping ~*~*~tactically~*~*~ (hiding).
 48158 | Zot:2    | 48158 ||| Stepping ~*~*~tactically~*~*~ (stealth).
 48165 | Zot:2    | 48165 ||| Stepping ~*~*~tactically~*~*~ (stealth).
 48166 | Zot:2    | 48166 ||| Stepping ~*~*~tactically~*~*~ (stealth).
 48170 | Zot:2    | 48170 ||| Stepping ~*~*~tactically~*~*~ (hiding).
 48171 | Zot:2    | 48171 ||| Stepping ~*~*~tactically~*~*~ (hiding).
 48174 | Zot:2    | 48174 ||| INVOKING Heroism.
 48302 | Zot:2    | 48302 ||| INVOKING Heroism.
 48314 | Zot:2    | Killed a curse toe
 48490 | Zot:3    | 48490 ||| INVOKING Heroism.
 48554 | Zot:3    | 48554 ||| Stepping ~*~*~tactically~*~*~ (stealth).
 48641 | Zot:3    | 48641 ||| INVOKING Heroism.
 48668 | Zot:3    | Noticed a curse toe
 48703 | Zot:3    | 48703 ||| INVOKING Heroism.
 48704 | Zot:3    | Killed a curse toe
 48988 | Zot:3    | 48988 ||| Stepping ~*~*~tactically~*~*~ (hiding).
 49032 | Zot:3    | 49032 ||| DRINKING potion of cancellation.
 49033 | Zot:3    | 49033 ||| INVOKING Heroism.
 49106 | Zot:3    | 49106 ||| Stepping ~*~*~tactically~*~*~ (stealth).
 49109 | Zot:3    | 49109 ||| Stepping ~*~*~tactically~*~*~ (stealth).
 49176 | Zot:3    | 49176 ||| Stepping ~*~*~tactically~*~*~ (stealth).
 49222 | Zot:3    | Reached XP level 25. HP: 180/180 MP: 27/27
 49284 | Zot:3    | 49284 ||| Stepping ~*~*~tactically~*~*~ (stealth).
 49286 | Zot:3    | Identified the ring of the Endless Expanse {Ice Dex+4
                  | Slay+3 Stlth+}
 49286 | Zot:3    | Noticed Josephina
 49305 | Zot:3    | Killed Josephina
 49534 | Zot:3    | 49534 ||| INVOKING Heroism.
 49544 | Zot:3    | Reached skill level 25 in Fighting
 49623 | Zot:3    | 49623 ||| Stepping ~*~*~tactically~*~*~ (hiding).
 49625 | Zot:3    | 49625 ||| Stepping ~*~*~tactically~*~*~ (hiding).
 49637 | Zot:3    | Received a gift from Okawaru
 49650 | Zot:3    | 49650 ||| INVOKING Heroism.
 49682 | Zot:3    | 49682 ||| Stepping ~*~*~tactically~*~*~ (hiding).
 49691 | Zot:3    | 49691 ||| Stepping ~*~*~tactically~*~*~ (hiding).
 49840 | Zot:3    | 49840 ||| Stepping ~*~*~tactically~*~*~ (hiding).
 49865 | Zot:3    | 49865 ||| Stepping ~*~*~tactically~*~*~ (stealth).
 49866 | Zot:3    | 49866 ||| INVOKING Heroism.
 49981 | Zot:3    | 49981 ||| INVOKING Heroism.
 50086 | Zot:3    | Identified the +0 ring mail of a wizard's laboratory {Str+4
                  | Dex+5 Stlth+}
 50115 | Zot:3    | 50115 ||| INVOKING Heroism.
 50476 | Zot:4    | 50476 ||| INVOKING Heroism.
 50508 | Zot:4    | Reached skill level 15 in Throwing
 50515 | Zot:4    | HP: 45/181 [black draconian/+0 trident[a white draconian
                  | stormcaller] (7)]
 50516 | Zot:4    | 50516 ||| READING 22 scrolls of teleportation.
 50517 | Zot:4    | 50517 ||| DRINKING 7 potions of heal wounds.
 50524 | Zot:4    | HP: 45/182 [black draconian/bolt of lightning[a white
                  | draconian stormcaller] (3)]
 50525 | Zot:4    | 50525 ||| READING 21 scrolls of teleportation.
 50526 | Zot:4    | 50526 ||| DRINKING 6 potions of heal wounds.
 50535 | Zot:4    | Noticed a Killer Klown
 50542 | Zot:4    | 50542 ||| INVOKING Heroism.
 50554 | Zot:4    | Killed a Killer Klown
 50771 | Zot:4    | 50771 ||| INVOKING Heroism.
 51684 | Zot:4    | 51684 ||| PLANNING SLIME:5
 51684 | Zot:4    | 51684 ||| REMOVING ring of Qazlal's Approval {rF+ rCorr
                  | Int+3 SInv}.
 51685 | Zot:4    | 51685 ||| UPGRADING to ring of the Endless Expanse {Ice
                  | Dex+4 Slay+3 Stlth+}.
 51686 | Zot:4    | 51686 ||| UPGRADING to +5 ring of evasion.
 51688 | Zot:4    | 51688 ||| DROPPING +4 ring of protection.
 52152 | Slime:1  | Entered Level 1 of the Pits of Slime
 52248 | Slime:2  | 52248 ||| DRINKING 12 potions of curing.
 52248 | Slime:2  | 52248 ||| (to cure confusion)
 52251 | Slime:2  | 52251 ||| DRINKING 11 potions of curing.
 52251 | Slime:2  | 52251 ||| (to cure confusion)
 52252 | Slime:2  | 52252 ||| DRINKING 10 potions of curing.
 52252 | Slime:2  | 52252 ||| (to cure confusion)
 52253 | Slime:2  | 52253 ||| DRINKING 9 potions of curing.
 52253 | Slime:2  | 52253 ||| (to cure confusion)
 52255 | Slime:2  | 52255 ||| DRINKING 8 potions of curing.
 52255 | Slime:2  | 52255 ||| (to cure confusion)
 52256 | Slime:2  | 52256 ||| DRINKING 7 potions of curing.
 52256 | Slime:2  | 52256 ||| (to cure confusion)
 52259 | Slime:2  | 52259 ||| DRINKING 6 potions of curing.
 52259 | Slime:2  | 52259 ||| (to cure confusion)
 52260 | Slime:2  | 52260 ||| DRINKING 5 potions of curing.
 52260 | Slime:2  | 52260 ||| (to cure confusion)
 52261 | Slime:2  | 52261 ||| DRINKING 4 potions of curing.
 52261 | Slime:2  | 52261 ||| (to cure confusion)
 52262 | Slime:2  | 52262 ||| DRINKING 3 potions of curing.
 52262 | Slime:2  | 52262 ||| (to cure confusion)
 52263 | Slime:2  | 52263 ||| DRINKING 2 potions of curing.
 52263 | Slime:2  | 52263 ||| (to cure confusion)
 52267 | Slime:2  | 52267 ||| DRINKING potion of curing.
 52267 | Slime:2  | 52267 ||| (to cure confusion)
 52285 | Slime:2  | HP: 36/183 [rockslime (10)]
 52286 | Slime:2  | 52286 ||| DRINKING 5 potions of heal wounds.
 52287 | Slime:2  | 52287 ||| DRINKING 4 potions of heal wounds.
 52289 | Slime:2  | 52289 ||| DRINKING 3 potions of heal wounds.
 52299 | Slime:2  | HP: 38/183 [rockslime (12)]
 52300 | Slime:2  | 52300 ||| DRINKING 2 potions of heal wounds.
 52300 | Slime:2  | HP: 12/183 [rockslime (27)]
 52301 | Slime:2  | 52301 ||| DRINKING potion of heal wounds.
 52306 | Slime:2  | HP: 31/183 [acid blob/splash of acid (10)]
 52316 | Slime:2  | HP: 19/183 [acid blob/splash of acid (7)]
 52318 | Slime:2  | Slain by a rockslime

Levels and vault maps discovered:
D:1:      roderic_crossed_star, layout_loops_ring,
          hellmonk_ecumenical_altar_slurped_away
D:2:      layout_basic, serial_shops, shop, minmay_misc_feat_diagonals,
          minmay_stone_trees_small
D:3:      layout_loops_corners, reono_crystal_passage
D:4:      layout_loops_ring, nicolae_gozag_seed_capital,
          minmay_temple_entry_drinking_statues, hangedman_decor_points
D:5:      layout_basic, grunt_ministairs_15, minmay_misc_feat_roman,
          minmay_manual_mail
D:6:      layout_cave_pools, mainiacjoe_overflow_catch_the_wave,
          jmf_multi_god_temple2, gammafunk_ghost_icy,
          dreamdust_mushroom_princess, st_stairs_4, uniq_maggie
D:7:      layout_basic, fedhas_ov_isle_minmay, serial_shops,
          nicolae_shop_advertising_works [nicolae_subvault_shop_adworks], shop,
          shop, shop, minmay_fractal_squares_5
D:8:      layout_cave_pools, mainiacjoe_overflow_boulevard, special_room
          [special_room_orc], chequers_serial_rivers_small_a
D:9:      layout_irregular_city, hellmonk_lair_entry_icy, zombieorc2_lemuel,
          serial_shops, nicolae_lakefront_shop
D:10:     layout_roguey, uniq_erolcha
D:11:     layout_rooms, gammafunk_ghost_hive, serial_shops, shop, slow_altar_2,
          uniq_harold, uniq_psyche, uniq_erica
D:12:     kennysheep_treasure_stockpile, layout_loops_ring,
          portal_ice_cave_rime, einodemon_barbed_minivault
D:13:     layout_basic, david_vaults_2
D:14:     layout_long_grid, minmay_misc_feat_ornament
D:15:     hangedman_depths_entry_try_elsewhere_first, layout_cross,
          serial_shops, nicolae_shop_temple_entry_statues_fountains,
          hangedman_decor_opposing, lightli_church_of_beogh
Temple:   eino_wide_crystal_templ
Lair:1:   layout_big_grid
Lair:2:   layout_cave_pods, guppyfry_snake_entry_garden
Lair:3:   layout_misc_corridors, skrybe_swamp_entry_bodies,
          serial_bayou_shore_b, infiniplex_staircase_pool_2
Lair:4:   layout_hall_layers, minmay_slime_entry_jelly_boxes, st_stairs_9,
          dreamdust_wasp_nest
Lair:5:   minmay_lair_end_frog_pond, layout_cave_pods,
          kennysheep_basilisk_garden
Swamp:1:  layout_basic_swamp, evilmike_swamp_ruin_house_2,
          nicolae_swamp_spriggan_camp, uniq_jorgrun
Swamp:2:  layout_basic_swamp, evilmike_swamp_ruin_house_3, swamp_pool1
Swamp:3:  nicolae_swamp_flooded_prison, layout_falls_marsh,
          evilmike_swamp_ruin_house_1, uniq_mlioglotl
Swamp:4:  byrel_swamp_growth_death_and_undeath, layout_basic_swamp,
          serial_swamp_ruin, evilmike_swamp_ruin_rubble_2,
          evilmike_swamp_ruin_house_6, swamp_pool4,
          nicolae_swamp_very_dense_foliage, infiniplex_staircase_pool
Snake:1:  layout_onion, nicolae_snake_mages_go_home, serial_bayou_shore_b,
          grunt_megastairs_5, minmay_shoptagon, serial_bayou_shore_b, uniq_aizul
Snake:2:  layout_cave_town, gammafunk_ghost_split,
          nicolae_snake_guarding_the_ruins, uniq_frances, uniq_saint_roka
Snake:3:  layout_onion_interference, nicolae_snake_shapes
Snake:4:  grunt_snake_rune_pools, layout_cave_town, nicolae_snake_flat_spine,
          nicolae_shop_i_like_small_books_too, grunt_megastairs_4
Slime:1:  layout_caves
Slime:2:  layout_caves
Orc:1:    layout_caves, mines1_david
Orc:2:    grunt_orc_community_town_hall, layout_caves,
          grunt_orc_community_big_house_1, grunt_orc_community_big_house_1,
          grunt_orc_community_house_3, grunt_orc_community_house_2,
          grunt_orc_community_house_2, grunt_orc_community_house_2,
          grunt_orc_community_house_2, grunt_orc_community_house_2,
          nooodl_orcs_dogs
Vaults:1: nicolae_vaults_ellipses_ellipsis, nicolae_vaults_little_squares_3,
          grunt_vaults_twisty, nicolae_vaults_tetromino_T_1,
          nicolae_vaults_rhombus_7, v_misc_16, nicolae_vaults_cochlea,
          nicolae_vaults_border_crossing, vaults_mumra_hex,
          nicolae_vaults_surprise_closet, nicolae_vaults_diamond_1,
          layout_vaults_ring
Vaults:2: gammafunk_sealed_library, ontoclasm_vaults_hangar,
          ontoclasm_vaults_idyll, nicolae_vaults_layer_cake_slice,
          hangedman_vaults_stitches, v_alt_pattern_1,
          minmay_crypt_entry_simple_walls, vaults_mumra_minichess_inversion,
          nicolae_vaults_trapezoid_2, hangedman_vaults_cutoff,
          nicolae_vaults_little_squares_1, v_misc_25,
          nicolae_vaults_little_squares_2, vaults_dpeg_encased_lava,
          nicolae_vaults_alarming, nicolae_vaults_mini_display_case,
          layout_vaults_omnibox, enter_trove_2
Vaults:3: nicolae_vaults_little_squares_5, v_misc_28,
          nicolae_vaults_apartment_1, nicolae_vaults_network_quinsquares
          [nicolae_vaults_network_quincunx_subvault,
          nicolae_vaults_network_quincunx_subvault,
          nicolae_vaults_network_quincunx_subvault,
          nicolae_vaults_network_quincunx_subvault], nicolae_vaults_spaceships,
          nicolae_vaults_taking_the_gang_shopping, v_misc_31,
          nicolae_vaults_two_Ls, nicolae_vaults_windows_and_doors_thing,
          grunt_vaults_hallway_short, nicolae_vaults_trapezoid_3,
          layout_vaults_omnigrid
Vaults:4: ontoclasm_vaults_misaligned, vaults_mumra_minichess,
          nicolae_vaults_branching_niches, nicolae_vaults_trapezoid_2,
          nicolae_vaults_what_the_h, ontoclasm_vaults_spin, v_misc_18,
          nicolae_vaults_more_shelving_1, layout_vaults_maze_snakey,
          serial_shops, nicolae_shop_hallway_plus, uniq_boris
Vaults:5
Depths:1: layout_gridlike, enter_ziggurat_a, nicolae_integral_box,
          rand_demon_pan_entry_4, grunt_hell_entry_dis_old, abyss_entry,
          st_stairs_12, grunt_absolute_annihilation, uniq_enchantress
Depths:2: hangedman_arch_fort, layout_cave_pools, rand_demon_pan_entry_8,
          nicolae_ru_sacrificial_ziggurat, hell_entry, abyss_entry_flame_altar,
          bh_walls_and_bars, uniq_sojobo, uniq_bai_suzhen
Depths:3: kennysheep_scales, layout_gridlike, lightli_too_deep, kennysheep_nub,
          hangedman_abyss_entry_splay, grunt_decor_cap,
          nicolae_qazlal_scattered_showers
Depths:4: evilmike_zot_entry_hall, layout_cave_shapes, corexii_leaking_fountain,
          abyss_entry, pf_hell_entry_tar_spiral
Zot:1:    layout_gridlike, uniq_parghit
Zot:2:    grunt_deathspiral_small, layout_onion_interference, zot_minivault_6
Zot:3:    layout_cathedral_of_symmetry, grunt_megastairs_1, uniq_josephina
Zot:4:    layout_cathedral_of_symmetry

Skill      XL: |  1  2  3  4  5  6  7  8  9 10 11 12 13 14 15 16 17 18 19 20 21 22 23 24 25 |
---------------+----------------------------------------------------------------------------+-----
Axes           | 2 3 4 5 6 7 8 10 11 13 15 16 | 16.0
Fighting       | 4 5 7 9 10 11 12 14 16 17 18 20 21 22 24 25 | 25.7
Dodging        | 1 2 3 4 5 6 7 8 |  8.0
Invocations    | 2 4 8 10 | 10.0
Shields        | 4 5 7 10 11 12 14 17 18 19 20 21 22 | 22.0
Armour         | 4 7 8 9 10 12 14 15 17 18 19 20 22 | 22.0
Throwing       | 1 3 4 6 8 9 10 11 12 13 14 15 | 15.0

Action                     |  1- 3 |  4- 6 |  7- 9 | 10-12 | 13-15 | 16-18 | 19-21 | 22-24 | 25-27 || total
---------------------------+-------+-------+-------+-------+-------+-------+-------+-------+-------++-------
  Melee: War axe           |   104 |   137 |   289 |   601 |  1379 |  1587 |  1864 |  1848 |   284 ||  8093
         Morningstar       |       |       |       |     4 |     5 |    34 |       |       |       ||    43
         Unarmed           |       |       |       |       |    14 |       |       |       |       ||    14
  Throw: Boomerang         |       |       |       |    50 |    36 |    35 |    26 |       |     3 ||   150
         Javelin           |       |       |       |    26 |    38 |    43 |    74 |    92 |    52 ||   325
 Invoke: Heroism           |       |       |    11 |    26 |    33 |    33 |    23 |    41 |     8 ||   175
         Finesse           |       |       |       |     1 |     3 |     4 |    12 |     7 |       ||    27
    Use: Scroll            |     3 |    11 |     3 |     7 |    15 |     1 |     6 |     4 |     2 ||    52
         Potion            |       |     1 |     1 |     2 |     7 |       |     9 |    15 |    19 ||    54
   Stab: Invisible         |       |     2 |       |       |       |       |       |       |       ||     2
 Armour: Scale mail        |    17 |       |       |       |       |       |       |       |       ||    17
         Chain mail        |    33 |    92 |   160 |    59 |   213 |    17 |       |       |       ||   574
         Plate armour      |       |       |       |   268 |   149 |   659 |  1107 |   743 |       ||  2926
         Skin              |       |       |       |       |     5 |       |       |       |       ||     5
         Gold dragon scale |       |       |       |       |       |       |       |   354 |   319 ||   673
  Dodge: Dodged            |    35 |    46 |   111 |   212 |   386 |   547 |   841 |   768 |   262 ||  3208
  Block: Buckler           |    20 |    15 |    48 |   161 |       |       |       |       |       ||   244
         Reflection        |       |       |       |     6 |    34 |   158 |       |       |       ||   198
         Kite shield       |       |       |       |   196 |   789 |       |       |       |       ||   985
         Other             |       |       |       |       |     1 |       |       |       |       ||     1
         Tower shield      |       |       |       |       |   318 |  2004 |  1757 |  1797 |   395 ||  6271

Table legend:
 A = Non-vault XP
 B = Vault XP
 C = Vault XP percentage of total XP
 D = Non-vault monster count
 E = Vault monster count
 F = Vault count percentage of total count
                 A         B        C        D         E       F
            +---------+---------+-------+---------+---------+-------
      Total |  543345 |  490013 |  47.4 |    1152 |     769 |  40.0
            +---------+---------+-------+---------+---------+-------
        D:1 |      30 |       2 |   6.2 |      17 |       1 |   5.6
        D:2 |      93 |       0 |   0.0 |      27 |       0 |   0.0
        D:3 |     264 |       0 |   0.0 |      22 |       0 |   0.0
        D:4 |     178 |       0 |   0.0 |      20 |       0 |   0.0
        D:5 |     773 |     440 |  36.3 |      21 |      10 |  32.3
        D:6 |    1310 |     493 |  27.3 |      16 |       3 |  15.8
        D:7 |    1539 |     350 |  18.5 |      36 |       4 |  10.0
        D:8 |    1221 |     830 |  40.5 |      15 |      20 |  57.1
        D:9 |    3768 |    2187 |  36.7 |      34 |      43 |  55.8
       D:10 |    3315 |     851 |  20.4 |      32 |       1 |   3.0
       D:11 |    2626 |    2064 |  44.0 |      12 |       4 |  25.0
       D:12 |    2710 |   11307 |  80.7 |      12 |      26 |  68.4
       D:13 |   12176 |     551 |   4.3 |      25 |       3 |  10.7
       D:14 |   12817 |     217 |   1.7 |      31 |       1 |   3.1
       D:15 |   12879 |    2296 |  15.1 |      32 |       4 |  11.1
     Lair:1 |    3151 |       0 |   0.0 |      13 |       0 |   0.0
     Lair:2 |    6022 |     323 |   5.1 |      20 |       2 |   9.1
     Lair:3 |    3156 |     649 |  17.1 |      12 |       1 |   7.7
     Lair:4 |    8575 |    2211 |  20.5 |      25 |      20 |  44.4
     Lair:5 |    8541 |   10327 |  54.7 |      40 |      37 |  48.1
    Swamp:1 |    6902 |    4091 |  37.2 |      12 |       7 |  36.8
    Swamp:2 |   14826 |       0 |   0.0 |      34 |       0 |   0.0
    Swamp:3 |    4748 |    5496 |  53.7 |      18 |       9 |  33.3
    Swamp:4 |   15008 |   27886 |  65.0 |      28 |      45 |  61.6
    Snake:1 |   18184 |   12428 |  40.6 |      36 |      23 |  39.0
    Snake:2 |   26298 |    8757 |  25.0 |      51 |      17 |  25.0
    Snake:3 |   16583 |    3907 |  19.1 |      31 |       8 |  20.5
    Snake:4 |   11698 |   29102 |  71.3 |      23 |      44 |  65.7
    Slime:1 |    4837 |       0 |   0.0 |      12 |       0 |   0.0
    Slime:2 |     816 |       0 |   0.0 |       4 |       0 |   0.0
      Orc:1 |    3160 |       0 |   0.0 |      34 |       0 |   0.0
      Orc:2 |    3223 |    9331 |  74.3 |      38 |      86 |  69.4
   Vaults:1 |   22467 |   21600 |  49.0 |      35 |      28 |  44.4
   Vaults:2 |   17941 |   21126 |  54.1 |      33 |      25 |  43.1
   Vaults:3 |    6282 |   21545 |  77.4 |       9 |      24 |  72.7
   Vaults:4 |    4240 |   37261 |  89.8 |       9 |      42 |  82.4
   Vaults:5 |   14603 |  105520 |  87.8 |      17 |      99 |  85.3
   Depths:1 |   38399 |   21684 |  36.1 |      43 |      24 |  35.8
   Depths:2 |   18903 |   36079 |  65.6 |      20 |      29 |  59.2
   Depths:3 |   19239 |   10558 |  35.4 |      19 |       9 |  32.1
   Depths:4 |   14404 |   14554 |  50.3 |      14 |      11 |  44.0
      Zot:1 |   49550 |    3107 |   5.9 |      43 |       1 |   2.3
      Zot:2 |   20317 |   41340 |  67.0 |      13 |      40 |  75.5
      Zot:3 |   52452 |   16762 |  24.2 |      42 |      15 |  26.3
      Zot:4 |   32535 |       0 |   0.0 |      24 |       0 |   0.0
    Abyss:4 |   20586 |    2781 |  11.9 |      48 |       3 |   5.9
            +---------+---------+-------+---------+---------+-------
